 Dungeon Crawl Stone Soup version 0.32-a0-613-g40f424e (webtiles) character file.

Game seed: 3368257851875559270

13468742 Wizard1ke the Shapeless Dwarf (level 27, 273/273 HPs)
             Began as a Mountain Dwarf Chaos Knight on Mar 4, 2024.
             Was a Favourite Plaything of Xom.
             Escaped with the Orb
             ... and 15 runes on Mar 5, 2024!
             The game lasted 05:44:48 (118787 turns).

Wizard1ke the Shapeless Dwarf (MDCK)              Turns: 118787, Time: 05:44:49

Health: 273/273    AC: 53    Str: 27      XL:     27
Magic:  35/35      EV: 14    Int: 21      God:    Xom [....*.]
Gold:   18110      SH: 34    Dex: 18 (19) Spells: 14/42 levels left

rFire   + + +        L - +9 eveningstar (protect)
rCold   + + +        C - +8 tower shield of the Guilds {rCorr Int-5 Dex+3}
rNeg    + + +        y - +12 gold dragon scales
rPois   ∞            s - +2 helmet {SInv}
rElec   +            a - +4 dragonskin cloak
rCorr   +            G - +2 pair of gloves
SInv    +            (boots unavailable)
Will    ++++.        v - amulet of Fobanwo {rElec rC+ Regen+ Str+3} Stlth
                     J - ring of Eloof {rF++ rN+ Int+6 Slay+2}
HPRegen 1.45/turn    E - +4 ring of slaying
MPRegen 0.24/turn

%: no passive effects
@: death-form, studying 4 skills
A: vile attack, torment immunity, no potions, runic magic, artefact enchanting,
hooves 3, camouflage 1, agile 2, clever 1, cold resistance 1, strong-willed 1,
poison resistance, wild magic 2
0: Orb of Zot
}: 15/15 runes: decaying, slimy, silver, golden, iron, obsidian, icy, bone,
abyssal, demonic, glowing, magical, fiery, dark, gossamer
a: Siphon Essence, Begin Untransformation, Renounce Religion


You escaped.
You worshipped Xom.
You were a beloved toy of Xom.
You were an undying horror.
You visited 18 branches of the dungeon, and saw 87 of its levels.
You visited Pandemonium 4 times, and saw 23 of its levels.
You visited the Abyss 8 times.
You also visited: Ossuary, Ice Cave, Volcano and Desolation.

You collected 21938 gold pieces.
You spent 3828 gold pieces at shops.

Inventory:

Hand Weapons
 L - a +9 eveningstar of protection (weapon)
Missiles
 d - 9 silver javelins
 O - 17 javelins
 Z - 5 throwing nets
Armour
 a - the +4 dragonskin cloak (worn)
   (You took it off Tiamat on level 4 of the Realm of Zot)

   Avatar's Aegis: It grants the wearer a chance to resist fire, cold, poison,
   electricity, acid, and negative energy.
 s - a +2 helmet of see invisible (worn)
 y - +12 gold dragon scales (worn)
 C - the +8 tower shield of the Guilds (worn) {rCorr Int-5 Dex+3}
   (You took it off a daeva in Pandemonium)

   Int-5:     It affects your intelligence (-5).
   Dex+3:     It affects your dexterity (+3).
   rCorr:     It protects you from acid and corrosion.
 G - a +2 pair of gloves (worn)
Jewellery
 h - the amulet "Voc Zar" {rF+ rC+ RegenMP+ Str+4 Dex+2}
   (You acquired it on level 3 of the Lair of Beasts)

   [amulet of magic regeneration]

   It increases your rate of magic regeneration.
   Str+4:     It affects your strength (+4).
   Dex+2:     It affects your dexterity (+2).
   rF+:       It protects you from fire.
   rC+:       It protects you from cold.
   RegenMP+:  It increases your rate of magic regeneration.
 v - the amulet of Fobanwo (around neck) {rElec rC+ Regen+ Str+3}
   (You found it in Pandemonium)

   [amulet of regeneration]

   Str+3:     It affects your strength (+3).
   rC+:       It protects you from cold.
   rElec:     It insulates you from electricity.
   Regen+:    It increases your rate of health regeneration.
 E - a +4 ring of slaying (right hand)
 J - the ring of Eloof (left hand) {rF++ rN+ Int+6 Slay+2}
   (You bought it in a shop on level 3 of the Elven Halls)

   [ring of positive energy]

   Int+6:     It affects your intelligence (+6).
   Slay+2:    It affects your accuracy & damage with ranged weapons and melee
   (+2).
   rF++:      It greatly protects you from fire.
   rN+:       It protects you from negative energy.
 K - the ring of Yrghigum {Fly rElec Will+ Str+2}
   (You found it on level 5 of the Vaults)

   [ring of flight]

   Str+2:     It affects your strength (+2).
   rElec:     It insulates you from electricity.
   Will+:     It increases your willpower.
   Fly:       It grants you flight.
Talismans
 R - the death talisman "Mytazxanan" (active) {rElec Int+3}
   (You found it on level 3 of the Elven Halls)

   [talisman of death]

   Int+3:     It affects your intelligence (+3).
   rElec:     It insulates you from electricity.
Wands
 w - a wand of mindburst (38)
 H - a wand of iceblast (56)
 T - a wand of acid (30)
 V - a wand of paralysis (41)
 W - a wand of digging (19)
Scrolls
 c - 6 scrolls of butterflies
 e - 10 scrolls of poison
 g - 4 scrolls of fear
 u - a scroll of enchant armour
 B - 16 scrolls of fog
 F - 12 scrolls of immolation
 I - 10 scrolls of teleportation
 N - 4 scrolls of vulnerability
 P - 3 scrolls of revelation
 X - 15 scrolls of blinking
Potions
 b - 3 potions of cancellation
 f - 8 potions of attraction
 i - 7 potions of resistance
 k - 6 potions of might
 l - 9 potions of invisibility
 m - 26 potions of curing
 o - 2 potions of brilliance
 r - 3 potions of magic
 t - 4 potions of mutation
 z - 6 potions of haste
 D - 10 potions of enlightenment
 M - 12 potions of ambrosia
 S - 14 potions of heal wounds
Miscellaneous
 n - a box of beasts
 p - a sack of spiders
 q - a figurine of a ziggurat
 x - a lightning rod (4/4)
 A - a phial of floods
 Q - a phantom mirror
 U - the horn of Geryon
 Y - a tin of tremorstones (2/2)


   Skills:
 O Level 27 Fighting
 O Level 27 Maces & Flails
 - Level 8.0 Throwing
 O Level 27 Armour
 + Level 14.3 Dodging
 O Level 27 Shields
 - Level 8.0 Spellcasting
 - Level 10.0 Hexes
 - Level 20.0 Translocations
 - Level 10.0 Air Magic
 - Level 10.0 Alchemy
 - Level 15.0 Evocations
 O Level 27 Shapeshifting


You had 14 spell levels left.
You knew the following spells:

 Your Spells              Type           Power      Damage    Failure   Level
a - Manifold Assault      Tloc           99%        N/A       1%          4
b - Passage of Golubria   Tloc           99%        N/A       1%          4
c - Dispersal             Tloc           49%        N/A       2%          6
d - Vhi's Electric Charg  Tloc/Air       100%       N/A       1%          4
e - Teleport Other        Tloc           99%        N/A       1%          3
f - Blink                 Tloc           100%       N/A       1%          2
g - Yara's Violent Unrav  Hex/Alch       34%        3d14      13%         5

Your spell library contained the following spells:

 Spells                   Type           Power      Damage    Failure   Level
 Apportation              Tloc           100%       N/A       1%          1
 Slow                     Hex            100%       N/A       1%          1
 Jinxbite                 Hex            100%       N/A       1%          2
 Lesser Beckoning         Tloc           100%       N/A       1%          2
 Mercury Vapours          Alch/Air       100%       N/A       1%          2
 Momentum Strike          Conj/Tloc      100%       3d10      1%          2
 Gell's Gravitas          Tloc           99%        N/A       1%          3
 Dimensional Bullseye     Hex/Tloc       42%        N/A       1%          4
 Confusing Touch          Hex            69%        N/A       3%          3
 Sigil of Binding         Hex            69%        N/A       3%          3
 Swiftness                Air            69%        N/A       3%          3
 Tukima's Dance           Hex            69%        N/A       3%          3
 Volatile Blastmotes      Fire/Tloc      100%       2d18      3%          3
 Cigotuvi's Dreadful Rot  Necr/Alch/Air  100%       N/A       4%          2
 Shock                    Conj/Air       100%       1d9       5%          1
 Sting                    Conj/Alch      100%       1d9       5%          1
 Airstrike                Air            34%        2d(5-21)  6%          4
 Cause Fear               Hex            34%        N/A       6%          4
 Iskenderun's Mystic Bla  Conj/Tloc      69%        2d14      6%          4
 Olgreb's Toxic Radiance  Alch           69%        N/A       6%          4
 Ensorcelled Hibernation  Hex/Ice        94%        N/A       7%          2
 Static Discharge         Conj/Air       94%        3-7/arc   7%          2
 Mephitic Cloud           Conj/Alch/Air  55%        N/A       8%          3
 Dazzling Flash           Conj/Hex       94%        N/A       12%         3
 Inner Flame              Hex/Fire       47%        N/A       12%         3
 Silence                  Hex/Air        34%        N/A       13%         5
 Summon Forest            Summ/Tloc      34%        N/A       13%         5
 Foxfire                  Conj/Fire      52%        2x1d6     24%         1
 Freeze                   Ice            52%        1d6       24%         1
 Kiss of Death            Conj/Necr      52%        2d9       24%         1
 Magic Dart               Conj           52%        1d5       24%         1
 Necrotise                Necr           52%        1d6       24%         1
 Sandblast                Erth           26%        2d8       24%         1
 Summon Small Mammal      Summ           52%        N/A       24%         1
 Anguish                  Hex/Necr       23%        N/A       30%         4
 Fulminant Prism          Conj/Alch      23%        3d12      30%         4
 Ignite Poison            Fire/Alch      47%        N/A       30%         4
 Leda's Liquefaction      Alch/Erth      23%        N/A       30%         4
 Petrify                  Alch/Erth      47%        N/A       30%         4
 Sticky Flame             Fire/Alch      47%        2d9       30%         4
 Summon Lightning Spire   Summ/Air       47%        N/A       30%         4
 Call Imp                 Summ           26%        N/A       34%         2
 Scorch                   Fire           26%        2d6       34%         2
 Searing Ray              Conj           26%        2d5       34%         2
 Sublimation of Blood     Necr           13%        N/A       34%         2
 Disjunction              Tloc           49%        N/A       38%         8
 Call Canine Familiar     Summ           13%        N/A       54%         3
 Frozen Ramparts          Ice            26%        1d4       54%         3
 Fugue of the Fallen      Necr           13%        N/A       54%         3
 Hailstorm                Conj/Ice       13%        3d6       54%         3
 Ozocubu's Armour         Ice            13%        N/A       54%         3
 Passwall                 Erth           13%        N/A       54%         3
 Stone Arrow              Conj/Erth      26%        3d8       54%         3
 Vampiric Draining        Necr           13%        2d6       54%         3
 Arcjolt                  Conj/Air       23%        1d33      58%         5
 Irradiate                Conj/Alch      23%        3d19      58%         5
 Metabolic Englaciation   Hex/Ice        23%        N/A       58%         5
 Summon Mana Viper        Hex/Summ       47%        N/A       58%         5
 Freezing Cloud           Conj/Ice/Air   17%        6-21      80%         5
 Animate Armour           Summ/Erth      26%        N/A       88%         4
 Animate Dead             Necr           13%        N/A       88%         4
 Brom's Barrelling Bould  Conj/Erth      13%        2d4       88%         4
 Dispel Undead            Necr           13%        3d9       88%         4
 Flame Wave               Conj/Fire      13%        2d6       88%         4
 Martyr's Knell           Necr/Summ      13%        N/A       88%         4
 Summon Blazeheart Golem  Fire/Summ      13%        N/A       88%         4
 Enfeeble                 Hex            34%        N/A       94%         7
 Malign Gateway           Summ/Tloc      34%        N/A       94%         7
 Conjure Ball Lightning   Conj/Air       23%        3x3d6     98%         6
 Plasma Beam              Fire/Air       23%        2x1d35    98%         6
 Sculpt Simulacrum        Ice/Alch       23%        N/A       98%         6
 Borgnjor's Vile Clutch   Necr/Erth      6%         N/A       99%         5
 Curse of Agony           Necr           13%        N/A       99%         5
 Fireball                 Conj/Fire      6%         3d5       99%         5
 Iskenderun's Battlesphe  Conj           13%        2d7       99%         5
 Lee's Rapid Deconstruct  Erth           6%         3d6*      99%         5
 Bombard                  Conj/Erth      6%         9d2       100%        6
 Death Channel            Necr           6%         N/A       100%        6
 Starburst                Conj/Fire      6%         6d4       100%        6
 Summon Cactus Giant      Summ           6%         N/A       100%        6
 Haunt                    Necr/Summ      6%         N/A       100%        7
 Orb of Destruction       Conj           6%         9d6       100%        7
 Spellforged Servitor     Conj/Summ      6%         N/A       100%        7
 Summon Hydra             Summ           6%         N/A       100%        7
 Borgnjor's Revivificati  Necr           6%         N/A       100%        8
 Discord                  Hex            34%        N/A       100%        8
 Ignition                 Fire           6%         3d4       100%        8
 Infestation              Necr           6%         N/A       100%        8
 Lehudib's Crystal Spear  Conj/Erth      6%         10d3      100%        8
 Maxwell's Capacitive Co  Air            34%        ∞         100%        8
 Chain Lightning          Conj/Air       23%        3d31      100%        9
 Death's Door             Necr           6%         N/A       100%        9
 Dragon's Call            Summ           6%         N/A       100%        9
 Fire Storm               Conj/Fire      6%         8d2       100%        9
 Shatter                  Erth           6%         3d9*      100%        9


Dungeon Overview and Level Annotations

Branches:
Dungeon (15/15)            Temple (1/1) D:7            Lair (5/5) D:11
  Swamp (4/4) Lair:2       Spider (4/4) Lair:3        Slime (5/5) Lair:5
    Orc (2/2) D:10            Elf (3/3) Orc:2        Vaults (5/5) D:14
  Crypt (3/3) Vaults:2       Tomb (3/3) Crypt:3      Depths (4/4) D:15
   Hell (visited)             Dis (7/7) Hell            Geh (7/7) Hell
    Coc (7/7) Hell            Tar (7/7) Hell            Zot (5/5) Depths:4
Ossuary (visited)           IceCv (visited)         Volcano (visited)
Desolation (visited)

Altars:
Ashenzari
Cheibriados
Dithmenos
Elyvilon
Fedhas
Gozag
Hepliaklqana
Kikubaaqudgha
Makhleb
Nemelex Xobeh
Okawaru
Qazlal
Ru
Sif Muna
Trog
Uskayaw
Vehumet
Wu Jian
Xom
Yredelemnul
Zin
The Shining One
Beogh
Jiyva
Lugonu

Shops:
D:3 :   D:10 :   Orc:2 !?[:   Elf:1 =   Elf:2 :   Elf:3 =   Vaults:1 ?
Vaults:3 [   Vaults:4 (   Vaults:5 (   Depths:1 *   Depths:2 ([!

Portals:
Hell: Depths:1 Depths:2 Depths:3 Depths:4
Abyss: Depths:1 Depths:2 Depths:3 Depths:4
Pandemonium: Depths:2 Depths:3
Ziggurat: Depths:2
Trove: Depths:4 (give horn of Geryon)

Annotations:
D:10 2 transporters
D:12 exclusion: door
D:14 1 runed translucent door, exclusion: door, Dicinne's ghost, journeyman VSEE
Lair:1 1 runed translucent door, exclusion: door, tls9540's ghost, journeyman CoGl
Swamp:4 3 runed translucent doors, exclusion: 3 doors, Huckle's ghost, adept MiGl; Ronoptav's ghost, adept DEAE; Roxkas's ghost, adept DsMo; bignoob's ghost, adept MDHW; tlatlagkaus's ghost, journeyman DjAl
Orc:1 4 transporters
Elf:2 3 runed translucent doors
Vaults:1 exclusion: downstairs
Vaults:5 !vaults warning
Dis:7 exclusion: 4 doors
Zot:3 36 runed translucent doors, exclusion: 36 doors


Innate Abilities, Weirdness & Mutations

You are an undying horror.
Your melee and unarmed attacks drain, slow and weaken victims.
You are immune to unholy pain and torment.
You cannot drink.
Your spellcasting is much less encumbered by armour.
You can use scrolls of enchantment on lesser artefacts.
You have hooves in place of feet.
Your skin changes colour to match your surroundings (Stealth+).
You are very agile. (Dex +8, Str/Int -2)
Your mind is acute. (Int +4, Str/Dex -1)
Your flesh is cold resistant. (rC+)
You are strong-willed. (Will+)
Your system is resistant to poisons. (rPois)
Your spells are harder to cast, but more powerful.


Message History

Space momentarily warps into an impossible shape!
You hammer the hellion like a gong!!!
You kill the hellion!
You bludgeon Fueppe!!
Fueppe decays.
You spit the ice devil like a pig!!!
The ice devil decays.
Fueppe gestures at you.
The poison arrow hits you but does no damage.
Space momentarily warps into an impossible shape!
You completely miss Fueppe. You hit the ice devil.
You kill the ice devil!
You bludgeon Fueppe!!
Fueppe decays.
You kick Fueppe!
Fueppe is severely wounded.
Fueppe gestures at you.
The orb of electricity explodes!
The orb of electricity engulfs you! You resist.
The orb of electricity engulfs Fueppe.
Fueppe resists.
You impale Fueppe!!
Fueppe decays.
You kick Fueppe.
Fueppe is almost dead.
You impale Fueppe!!
You kill Fueppe!
(D) Dungeon (T) Temple (L) Lair (S) Swamp (N) Spider Nest (M) Slime Pits (O) Orcish Mines (E) Elven Halls (V) Vaults (C) Crypt (W) Tomb (U) Depths (H) Hell (I) Dis (G) Gehenna (X) Cocytus (Y) Tartarus (Z) Zot
Where to? (Tab/Enter - D:1 @ (x,y), ? - help) HP restored.
There is a stone staircase leading up here.
You climb upwards.
There is a stone staircase leading down here.
You see here 5 stones.
There is a stone staircase leading up here.
You climb upwards.
There is a stone staircase leading down here.
Magic restored.
There is a stone staircase leading up here.
You climb upwards.
There is a stone staircase leading down here.
There is an open door here.
There is a staircase leading out of the dungeon here.
You have escaped!

##### ######.z.######
###.............###
####.................###
#..'...[.............'.#
#.##.................#.#
#(####.............###.#
#.# ###.........### #.#
#.# ###.....### #.######
#.# ###.........###
#.......


There were no monsters in sight!

Vanquished Creatures
  Cerebov (Pan)
  Antaeus (Coc:7)
  the Royal Jelly (Slime:5)
  Mnoleg (Pan)
  Lom Lobon (Pan)
  Asmodeus (Geh:7)
  Ereshkigal (Tar:7)
  Gloorx Vloq (Pan)
  the Serpent of Hell (Coc:7)
  3 dread liches
  Tiamat (Zot:4)
  6 ancient liches
  Mennas (Vaults:2)
  Mara (Vaults:3)
  Dispater (Dis:7)
  2 juggernauts
  2 orbs of fire (Zot:5)
  Josephina (Crypt:3)
  32 royal mummies
  Boris (thrice) (Depths:3 Crypt:1 Zot:4)
  11 Killer Klowns
  5 shard shrikes
  2 curse toes
  13 caustic shrikes
  12 golden dragons
  Geryon (Hell)
  Jory (Crypt:3)
  20 profane servitors
  14 bone dragons
  A pearl dragon (Pan)
  8 doom hounds
  Arachne (Spider:4)
  5 electric golems
  11 iron giants
  19 Tzitzimimeh
  9 pandemonium lords
  A spectral shard shrike (Tar:4)
  A shard shrike zombie (Abyss:4)
  28 tentacled monstrosities
  10 hellephants
  25 Hell Sentinels
  13 Brimstone Fiends
  24 tainted leviathans
  11 titans
  17 Ice Fiends
  6 liches
  25 Orb Guardians
  Grunn (Crypt:1)
  2 deep elf blademasters (Elf:3)
  A walking earthen tome (Depths:2)
  4 quicksilver dragons
  2 deep elf master archers (Elf:3)
  11 sphinxes
  19 tentacled starspawn
  20 acid blobs
  32 Executioners
  A walking divine tome (Abyss:4)
  9 death cobs
  23 ancient champions
  19 searing wretches
  2 thorn hunters
  6 tengu reavers
  23 shadow dragons
  7 revenants
  14 storm dragons
  3 nagarajas
  18 daevas
  30 azure jellies
  14 rockslimes
  A fenstrider witch (Pan)
  Roxanne (Elf:2)
  6 draconian shifters
  6 draconian knights
  17 protean progenitors
  12 deep elf sorcerers
  15 vault wardens
  16 demonspawn warmongers (Pan)
  17 fire giants
  9 draconian monks
  20 frost giants
  21 narguns
  4 draconian scorchers
  3 quicksilver elementals
  36 reapers
  4 emperor scorpions
  8 iron dragons
  8 shard shrike simulacra
  A spectral juggernaut (Tar:6)
  4 curse skulls
  15 angels (Pan)
  57 balrugs
  3 spriggan defenders (Depths:4)
  Louise (Swamp:1)
  4 ghouls
  28 ghost moths
  31 very ugly things
  5 draconian stormcallers
  10 quicksilver oozes
  28 cacodemons
  3 juggernaut skeletons (Pan)
  7 formless jellyfish
  2 orc warlords
  8 draconian annihilators
  16 ironbound preservers
  16 demonspawn corrupters
  14 demonspawn blood saints
  5 broodmothers
  12 ophanim
  5 caustic shrike skeletons (Pan)
  8 ironbound thunderhulks
  8 green draconians
  10 vampire knights
  10 lorocyprocas
  28 elemental wellsprings
  12 demonspawn black suns (Pan)
  23 apis (Pan)
  13 stone giants
  9 yellow draconians
  3 deep elf demonologists
  2 eleionomae
  4 deep elf death magi
  7 deep elf annihilators
  16 red draconians
  15 white draconians
  7 bennus
  14 wendigos
  19 putrid mouths
  13 dire elephants
  15 black draconians
  24 war gargoyles
  7 spark wasps
  10 bunyips
  13 purple draconians
  23 blizzard demons
  18 green deaths
  5 eidola
  16 jiangshi
  7 entropy weavers
  3 merfolk javelineers
  11 ettins
  5 crystal guardians
  18 fire dragons
  10 iron golems
  24 mummy priests
  32 vault guards
  5 deep elf high priests
  9 yaktaur captains
  A shambling mangrove (Swamp:3)
  8 great orbs of eyes
  A spectral golden dragon (Tar:5)
  An entropy weaver (shapeshifter) (Abyss:4)
  A kraken zombie (Hell)
  A spectral kraken (Tar:7)
  3 spriggan zombies
  5 spectral spriggans
  2 salamander tyrants
  5 hell beasts
  6 rakshasas
  6 servants of whispers (Desolation)
  10 caustic shrike simulacra
  A ghost crab (Swamp:3)
  3 peacekeepers
  24 hydras
  7 radroaches
  3 spriggan air magi
  2 spriggan skeletons
  4 juggernaut simulacra
  4 death knights
  13 ice dragons
  15 centaur warriors
  3 ogre magi
  10 two-headed ogres
  A merfolk aquamancer (Pan)
  10 alligators
  A fenstrider witch skeleton (Crypt:1)
  11 ironbound frosthearts
  A spectral stone giant (Tar:1)
  20 stokers
  12 boulder beetles
  38 death scarabs
  36 hell hogs
  5 tengu warriors
  11 dancing weapons
  9 vampire magi
  5 deep troll shamans
  12 thrashing horrors
  3 deep troll earth magi
  A sphinx skeleton (Vaults:2)
  6 holy swine (Pan)
  3 satyrs
  A spectral dire elephant (Tar:6)
  10 death yaks
  29 demonic crawlers
  An occultist (Depths:2)
  3 spectral emperor scorpions (Pan)
  4 orc high priests
  2 shock serpents (Pan)
  5 spriggan berserkers
  Urug (D:11)
  6 iron trolls
  20 deep elf knights
  47 soul eaters
  111 sun demons
  12 crystal echidnas
  6 hell knights
  41 sixfirhies
  9 hellephant skeletons (Pan)
  5 goliath frogs
  A storm dragon skeleton (Vaults:2)
  14 wretched stars
  4 cherubim (Pan)
  10 pharaoh ants
  15 shadow wraiths
  41 deep trolls
  An iron giant zombie (Crypt:1)
  5 skysharks
  51 skeletal warriors
  7 glowing orange brains
  An anaconda zombie (Hell)
  2 death drakes
  32 shadow demons
  8 flayed ghosts
  6 spriggan druids
  3 spatial maelstroms
  A spectral iron dragon (Tar:7)
  An orb spider (shapeshifter) (Depths:2)
  11 swamp dragons
  A steelbarb worm (shapeshifter) (Vaults:5)
  A spectral hydra (Tar:1)
  9 lindwurms
  13 sun moths
  10 orb spiders
  6 quicksilver dragon simulacra
  6 spriggan simulacra
  4 mana vipers
  7 bog bodies
  17 deep elf archers
  8 arcanists
  19 ironbound convokers
  6 steelbarb worms
  28 deep elf zephyrmancers
  A harpy (shapeshifter) (Abyss:3)
  An orange crystal statue (Zot:5)
  9 orc knights
  An alligator zombie (Hell)
  23 deep elf pyromancers
  7 necromancers
  A frost giant zombie (Depths:2)
  9 harpies
  3 thermic dynamos
  4 orc sorcerers
  5 phantasmal warriors
  9 wolf spiders
  3 tengu skeletons
  A salamander (shapeshifter) (D:15)
  5 cyclopes
  41 ugly things
  4 will-o-the-wisps
  5 shining eyes
  A shining eye (shapeshifter) (Vaults:5)
  2 manticores
  5 worldbinders
  32 moths of wrath
  14 meliai
  11 elephants
  3 titan simulacra
  3 kobold blastminers (Orc:2)
  A meliai (shapeshifter) (Elf:2)
  2 stone giant skeletons
  A dire elephant zombie (Crypt:3)
  22 vault sentinels
  3 eyes of devastation
  2 guardian serpents
  10 rust devils
  A fire giant skeleton (Vaults:2)
  A black mamba (shapeshifter) (Lair:2)
  A frost giant skeleton (Vaults:2)
  61 smoke demons
  A naga zombie (Tomb:2)
  3 apocalypse crabs (Abyss:3)
  4 ice statues
  5 black mambas
  An eye of devastation (shapeshifter) (Vaults:5)
  7 molten gargoyles
  A centaur skeleton (Tomb:3)
  13 cane toads
  2 gargoyles (D:12)
  6 torpor snails
  13 spectral swamp worms (Tar:7)
  87 large abominations
  29 orange demons
  A cane toad (shapeshifter) (Elf:3)
  17 freezing wraiths
  2 storm dragon simulacra
  26 yaktaurs
  A sea snake zombie (Crypt:2)
  A white draconian zombie (Crypt:2)
  23 hellions
  3 anaconda simulacra
  8 komodo dragons
  A kobold demonologist (D:14)
  2 alligator snapping turtle skeletons
  3 ice devils
  A pale draconian zombie (Crypt:2)
  A steelbarb worm zombie (Crypt:1)
  3 iron giant simulacra
  14 rime drakes
  A yaktaur skeleton (Vaults:2)
  48 guardian mummies
  A tengu conjurer (Depths:3)
  14 efreet
  A spectral harpy (Tar:1)
  30 tormentors
  20 ancient zymes
  2 silent spectres
  26 hellwings
  2 trolls (shapeshifter)
  A sea snake skeleton (Hell)
  A golden dragon simulacrum (Coc:7)
  12 red devils (Pan)
  4 trolls
  A moth of wrath zombie (Crypt:1)
  9 polar bears
  2 hydra zombies (Hell)
  36 raiju
  14 saltlings
  16 hornets
  A snapping turtle (shapeshifter) (Depths:2)
  3 glass eyes
  3 harpy skeletons
  30 tarantellas
  A hydra skeleton (Hell)
  10 tyrant leeches
  3 stone giant simulacra
  2 iron dragon simulacra
  21 blink frogs
  9 dream sheep
  23 culicivoras
  89 slime creatures
  28 spriggans
  26 jumping spiders
  5 shadows
  31 small abominations
  2 air elementals
  3 centaur simulacra (Coc:1)
  27 water elementals
  7 dire elephant simulacra
  3 vampires
  12 wraiths
  48 ynoxinuls
  A hog (Lair:5)
  30 yaks
  7 wyverns
  5 naga simulacra
  64 starcursed masses
  5 fire bats
  4 fire elementals
  16 humans
  6 basilisks
  An elf skeleton (Vaults:2)
  9 ushabtiu
  3 wargs
  8 golden eyes
  46 neqoxecs
  A steam dragon (D:7)
  58 redbacks
  23 chaos spawn
  13 vampire mosquitoes
  A sea snake simulacrum (Hell)
  A swamp worm (shapeshifter) (Vaults:5)
  6 spatial vortices
  An acid dragon (Zot:4)
  9 harpy simulacra
  14 swamp worms
  A skyshark zombie (Crypt:2)
  3 hydra simulacra
  16 water moccasins
  5 hell hounds
  23 orc warriors
  A naga skeleton (Abyss:4)
  2 glowing shapeshifter skeletons (Vaults:2)
  2 black bears
  An ice beast (shapeshifter) (D:14)
  3 ettin simulacra
  2 ice beasts
  A sky beast (shapeshifter) (Vaults:1)
  10 swamp drakes
  A human zombie (Vaults:2)
  8 ogres
  A swamp dragon zombie (Crypt:1)
  42 wolves
  45 laughing skulls
  A wolf (shapeshifter) (Zot:4)
  2 tengu
  8 boggarts
  8 centaurs
  6 human skeletons
  2 phantoms
  An elephant skeleton (Crypt:2)
  A kobold brigand (D:8)
  2 weeping skulls (Abyss:3)
  9 brain worms
  10 bullfrogs
  2 gnoll sergeants
  7 scorpions
  3 earth elementals
  2 glowing shapeshifter simulacra (Depths:2)
  4 burial acolytes (Crypt:3)
  10 wights
  A cyclops skeleton (Crypt:2)
  A troll zombie (Crypt:2)
  4 killer bees (D:8)
  A killer bee (shapeshifter) (D:14)
  4 electric eels
  3 howler monkeys
  4 lava snakes (Volcano)
  5 crimson imps
  A bombardier beetle (D:4)
  A quasit (Abyss:2)
  4 hounds
  2 bullfrog zombies (Ossuary)
  23 orc priests
  2 iron imps
  A sleepcap (D:6)
  5 iguanas
  18 orc wizards
  4 killer bee zombies (Ossuary)
  A sky beast zombie (Crypt:1)
  2 hound zombies (Ossuary)
  50 mummies
  6 howler monkey zombies (Ossuary)
  10 gnolls
  9 adders
  A swamp drake skeleton (Crypt:1)
  A ribbon worm zombie (Crypt:2)
  6 white imps
  7 ufetubi
  4 dart slugs
  2 ribbon worms (D:2)
  85 orcs
  5 endoplasms
  3 giant cockroaches
  5 goblins
  7 hobgoblins
  6 jackals
  8 kobolds
  3 quokkas
  5 ball pythons
  7 ball python zombies (Ossuary)
  6 bats
  A frilled lizard (D:1)
  A goblin (shapeshifter) (Orc:2)
  A hobgoblin zombie (D:4)
  A kobold zombie (D:4)
  A quokka skeleton (Crypt:1)
  9 rats
  4 aspiring fleshes
  2 ball lightnings (Pan)
  9 creeping infernos
  11 fire vortices
  2 lurking horrors (Abyss:3)
  25 starspawn tentacles
  2 tentacles (Hell)
4742 creatures vanquished.

Vanquished Creatures (collateral kills)
  A doom hound (Tar:1)
  A tentacled starspawn (Abyss:3)
  A draconian shifter (Zot:4)
  A cacodemon (Pan)
  A stone giant (D:15)
  A two-headed ogre (D:6)
  A deep troll earth mage (D:15)
  A tengu warrior (D:15)
  A shadow wraith (Tar:1)
  A sixfirhy (Pan)
  A spatial maelstrom (Abyss:3)
  A spriggan druid (Lair:2)
  A lindwurm (Vaults:3)
  A large abomination (Abyss:3)
  2 orc knights (Orc:2)
  A deep elf pyromancer (D:15)
  A manticore (D:11)
  A meliai (D:15)
  A rime drake (IceCv)
  A smoke demon (Pan)
  An efreet (D:15)
  2 hornets
  3 dream sheep (Lair:3)
  An air elemental (Abyss:3)
  8 yaks
  An orc warrior (Orc:2)
  A black bear (D:8)
  A wolf (Lair:5)
  A bullfrog (Lair:2)
  2 wights (D:8)
  An orc priest (D:10)
  A sleepcap (D:6)
  A mummy (Ossuary)
  A gnoll (D:6)
  An orc (D:8)
  A ball python (D:1)
  A rat (D:6)
49 creatures vanquished.

Vanquished Creatures (others)
  An orb of fire (Zot:4)
  4 eldritch tentacles
  A nagaraja (Pan)
  A balrug (Pan)
  A shard shrike simulacrum (Coc:3)
  A demonspawn corrupter (Pan)
  A deep elf death mage (Elf:3)
  A bennu (Tomb:3)
  A wendigo (Coc:4)
  A rakshasa (Pan)
  2 juggernaut simulacra
  A jorogumo (Pan)
  2 caustic shrike simulacra
  2 stokers (Geh:7)
  4 dancing weapons
  An occultist (D:15)
  A soul eater (Pan)
  5 deep elf knights
  A sun demon (Hell)
  A deep elf archer (Elf:1)
  A spriggan simulacrum (Coc:6)
  A sun moth (Pan)
  A deep elf zephyrmancer (Elf:1)
  An elephant (Lair:5)
  A titan simulacrum (Coc:6)
  2 smoke demons (Pan)
  A cane toad (Lair:1)
  2 large abominations
  2 guardian mummies (Tomb:3)
  A bloated husk (Swamp:3)
  A shadow dragon simulacrum (Coc:1)
  2 hellwings (Pan)
  A saltling (Desolation)
  A yak (IceCv)
  2 dire elephant simulacra
  2 ynoxinuls (Pan)
  A chaos spawn (Abyss:4)
  2 neqoxecs (Abyss:3)
  2 hydra simulacra (Coc:1)
  2 hell hounds (Hell)
  An orc priest (Orc:2)
  3 mummies
  An orc wizard (Orc:2)
  12 ball lightnings (Pan)
  A creeping inferno (Geh:7)
  2 fire vortices
  16 foxfires
  2 lurking horrors
  51 starspawn tentacles
  7 tentacles
158 creatures vanquished.

Grand Total: 4949 creatures vanquished

Notes
Turn   | Place    | Note
-------+----------+-------------------------------------------
     0 | D:1      | Wizard1ke the Mountain Dwarf Chaos Knight began the quest
                  | for the Orb.
     0 | D:1      | Reached XP level 1. HP: 19/19 MP: 1/1
    31 | D:1      | You fall into a shaft and drop 1 floor!
   153 | D:1      | Reached XP level 2. HP: 23/26 MP: 2/2
   174 | D:1      | Reached skill level 1 in Dodging
   602 | D:2      | Reached XP level 3. HP: 26/33 MP: 3/3
   639 | D:2      | XOM: silly message
   808 | D:2      | XOM: silly message
   989 | D:2      | XOM: give mutations
   989 | D:2      | Gained mutation: You have very sharp teeth. [Xom's
                  | mischief]
   989 | D:2      | Gained mutation: You are dopey. (Int -2) [Xom's mischief]
   989 | D:2      | Gained mutation: You have a pair of small antennae on your
                  | head. [Xom's mischief]
  1362 | D:3      | XOM: scenery: create altars
  1387 | D:3      | Reached XP level 4. HP: 32/40 MP: 4/4
  1404 | D:3      | Found Jisyegim's Book Shoppe.
  1404 | D:3      | XOM: 5-stop teleportation journey
  1508 | D:3      | Identified the +1 robe of Sorcery {-Cast +Blink rCorr
                  | Stlth+}
  1552 | D:3      | XOM: scenery: summon butterflies
  2109 | D:4      | Reached XP level 5. HP: 45/47 MP: 5/5
  2118 | D:4      | XOM: scenery: summon butterflies
  2136 | D:4      | XOM: scenery: create altars
  2266 | D:4      | XOM: potion effect (heal wounds)
  2268 | D:4      | Reached skill level 5 in Fighting
  2318 | D:4      | Noticed Sigmund
  2320 | D:4      | Sigmund changed into Sigmund the goblin
  2320 | D:4      | Noticed Sigmund
  2320 | D:4      | XOM: polymorph Sigmund -> Sigmund the goblin
  2328 | D:4      | Killed Sigmund the goblin
  2374 | D:4      | Found a sand-covered staircase.
  2380 | Ossuary  | Entered an ossuary
  2388 | Ossuary  | XOM: destruction
  2390 | Ossuary  | XOM: enchant monster (good)
  2406 | Ossuary  | Your ally bog mummy died
  2411 | Ossuary  | Reached XP level 6. HP: 55/57 MP: 6/6
  2706 | Ossuary  | Reached XP level 7. HP: 67/67 MP: 7/7
  2771 | Ossuary  | Identified the staff of Xom's Respect {rF+ rC+ Str+2 Stlth+
                  | Fire Ice} (Xom gifted it to you in an ossuary)
  2771 | Ossuary  | XOM: god gift: staff of Xom's Respect {rF+ rC+ Str+2 Stlth+
                  | Fire Ice}
  2929 | D:4      | XOM: god gift: Xom's Omnibus of Indemnity {god gift}
  2937 | D:4      | Got Xom's Omnibus of Indemnity {god gift}
  3110 | D:4      | XOM: silly message
  3208 | D:5      | Entered Level 5 of the Dungeon
  3265 | D:5      | XOM: silly message
  3462 | D:5      | XOM: 5-stop teleportation journey
  3539 | D:5      | XOM: summons 4 hostile demons
  3709 | D:5      | Identified the +3 robe of Subjectivity {Int+3}
  3835 | D:5      | a water moccasin changed into a spriggan
  3835 | D:5      | Noticed a spriggan
  3835 | D:5      | XOM: polymorph water moccasin -> spriggan
  3841 | D:5      | XOM: confusion (+ monsters)
  3845 | D:5      | XOM: blink monster(s)
  3853 | D:5      | Killed a spriggan
  3854 | D:5      | Reached skill level 10 in Fighting
  3854 | D:5      | Reached XP level 8. HP: 56/79 MP: 8/8
  3983 | D:5      | XOM: blink monster(s)
  3999 | D:5      | Found a shimmering altar of Xom.
  4002 | D:5      | XOM: confusion (+ monsters)
  4032 | D:5      | Found Deimif's Magic Scroll Boutique.
  4035 | D:5      | Bought a scroll of fog for 48 gold pieces
  4035 | D:5      | Bought a scroll of identify for 24 gold pieces
  4035 | D:5      | Bought a scroll of teleportation for 36 gold pieces
  4035 | D:5      | Bought a scroll of fear for 48 gold pieces
  4068 | D:5      | XOM: give mutations
  4068 | D:5      | Gained mutation: You are clumsy. (Dex -2) [Xom's mischief]
  4068 | D:5      | Gained mutation: You are very clumsy. (Dex -4) [Xom's
                  | mischief]
  4088 | D:5      | XOM: scenery: create altars
  4100 | D:5      | XOM: swap monsters
  4101 | D:5      | XOM: enchant monster (bad)
  4106 | D:5      | Reached skill level 5 in Armour
  4350 | D:5      | XOM: summons 2 hostile demons
  4494 | D:5      | XOM: give mutations
  4494 | D:5      | Lost mutation: You have very sharp teeth. [Xom's mischief]
  4494 | D:5      | Lost mutation: You have a pair of small antennae on your
                  | head. [Xom's mischief]
  4675 | D:6      | Noticed a moth of wrath
  4679 | D:6      | XOM: summons 2 friendly demons
  4680 | D:6      | Found a bloodstained altar of Trog.
  4906 | D:6      | XOM: god gift: trident {god gift}
  4914 | D:6      | XOM: summons 1 hostile shadow creature
  4925 | D:6      | XOM: summons friendly shadow imp
  4998 | D:6      | Noticed a two-headed ogre
  5024 | D:6      | XOM: summons friendly quasit
  5047 | D:5      | XOM: god gift: 32 gold pieces
  5156 | D:5      | XOM: cloud trail
  5236 | D:6      | Found a glowing golden altar of the Shining One.
  5431 | D:6      | XOM: god gift: 24 gold pieces
  5432 | D:6      | Killed a two-headed ogre
  5433 | D:6      | Reached XP level 9. HP: 57/85 MP: 9/9
  5454 | D:6      | XOM: give mutation
  5454 | D:6      | Gained mutation: You are strong-willed. (Will+) [Xom's
                  | mischief]
  5668 | D:6      | XOM: enchant monster (bad)
  5865 | D:6      | XOM: silly message
  5874 | D:6      | XOM: enchant monster (bad)
  5880 | D:6      | XOM: summons 8 friendly demons
  5992 | D:6      | XOM: potion effect (might)
  6073 | D:7      | XOM: confusion (+ monsters)
  6075 | D:7      | XOM: summons 8 friendly demons
  6297 | D:7      | XOM: god gift: lightning rod (4/4)
  6471 | D:7      | XOM: confuse monster(s)
  6478 | D:7      | XOM: 2-stop teleportation journey
  6546 | D:7      | XOM: 1-stop teleportation journey
  6556 | D:7      | XOM: summons 5 hostile demons
  6557 | D:7      | Noticed an orange demon
  6813 | D:7      | Found a shimmering blue altar of Sif Muna.
  6891 | D:7      | Found a staircase to the Ecumenical Temple.
  6903 | Temple   | Entered the Ecumenical Temple
  6903 | Temple   | Noticed a shadow demon
  6903 | Temple   | Noticed a smoke demon
  6904 | Temple   | Noticed a rust devil
  6905 | Temple   | Noticed Xul Xel the pandemonium lord
  6911 | D:7      | XOM: summons 5 hostile demons
  7356 | D:8      | Reached skill level 1 in Evocations
  7455 | D:7      | Reached skill level 1 in Throwing
  7531 | D:8      | XOM: chaos upgrade
  7544 | D:8      | XOM: repel stairs
  7548 | D:8      | XOM: chaos upgrade
  7718 | D:8      | XOM: noise
  7735 | D:8      | XOM: stat loss: -1 Dex (4/5)
  7752 | D:8      | XOM: summons friendly white imp
  7755 | D:8      | Reached XP level 10. HP: 51/95 MP: 10/10
  8054 | D:8      | XOM: chaos upgrade
  8058 | D:8      | XOM: summons 10 friendly demons
  8070 | D:8      | XOM: summons friendly shadow imp
  8276 | D:7      | XOM: god gift: scroll of teleportation
  9019 | D:9      | XOM: give mutation
  9019 | D:9      | Gained mutation: Your skin changes colour to match your
                  | surroundings (Stealth+). [Xom's mischief]
  9405 | D:9      | XOM: give mutation
  9405 | D:9      | Lost mutation: You are very clumsy. (Dex -4) [Xom's
                  | mischief]
  9563 | D:9      | XOM: noise
  9704 | D:9      | Found a shadowy altar of Dithmenos.
  9704 | D:9      | Found a hazy altar of Hepliaklqana.
  9706 | D:9      | Found a stormy altar of Qazlal.
  9787 | D:9      | XOM: summons 3 hostile shadow creatures
  9919 | D:9      | XOM: stat loss: -1 Int (11/12)
 10039 | D:10     | Entered Level 10 of the Dungeon
 10134 | D:10     | Noticed a two-headed ogre
 10147 | D:9      | XOM: summons 4 hostile demons
 10169 | D:9      | XOM: confuse monster(s)
 10171 | D:9      | a gnoll changed into an alligator
 10171 | D:9      | Noticed an alligator
 10171 | D:9      | XOM: polymorph gnoll -> alligator
 10184 | D:9      | Killed an alligator
 10185 | D:9      | Reached skill level 5 in Evocations
 10356 | D:10     | XOM: enchant monster (good)
 10494 | D:10     | XOM: silly message
 10529 | D:10     | Noticed a two-headed ogre
 10531 | D:10     | Noticed a two-headed ogre
 10537 | D:10     | XOM: potion effect (brilliance)
 10548 | D:10     | Killed a two-headed ogre
 10549 | D:10     | Reached skill level 5 in Throwing
 10651 | D:10     | Identified the ring of Darkness {Fly rPois Int+5}
 10665 | D:10     | Found a transporter.
 10673 | D:10     | Noticed a manticore
 10677 | D:10     | Noticed an orc knight
 10678 | D:10     | Noticed a boulder beetle
 10687 | D:10     | Found a transporter.
 10801 | D:10     | XOM: scenery: create altars
 10820 | D:10     | Noticed a boulder beetle
 10849 | D:10     | XOM: cloud trail
 10851 | D:10     | Found Tiderr's Tiny Tomes.
 10909 | D:10     | XOM: enchant monster (good)
 11113 | D:10     | Found a staircase to the Orcish Mines.
 11250 | D:11     | XOM: stealth player
 11250 | D:11     | Noticed Urug
 11252 | D:11     | XOM: cleaving
 11258 | D:11     | Killed Urug
 11283 | D:10     | XOM: god gift: ring of ice
 11423 | D:11     | XOM: 2-stop teleportation journey
 11512 | D:11     | Reached XP level 11. HP: 104/104 MP: 11/11
 11532 | D:11     | XOM: enchant monster (good)
 11534 | D:11     | Noticed a death yak
 11647 | D:12     | XOM: silly message
 11702 | D:11     | Found a staircase to the Lair.
 11702 | D:11     | XOM: 3-stop teleportation journey
 11703 | D:11     | XOM: summons friendly crimson imp
 11727 | D:11     | XOM: cast spell 'Olgreb's Toxic Radiance'
 11742 | D:11     | XOM: summons 11 friendly demons
 11743 | D:12     | XOM: summons 2 friendly demons
 11744 | D:12     | XOM: 1-stop teleportation journey
 11933 | D:12     | XOM: god gift: scroll labelled IJEIZUAHEUMA {god gift}
 11945 | D:12     | XOM: swap monsters
 11988 | D:12     | XOM: give mutation
 11988 | D:12     | Lost mutation: You are dopey. (Int -2) [Xom's mischief]
 12018 | D:12     | XOM: smoke on damage
 12110 | D:12     | XOM: confusion
 12141 | D:12     | XOM: repel stairs
 12145 | D:12     | Reached skill level 10 in Maces & Flails
 12147 | D:12     | XOM: 2-stop teleportation journey
 12179 | D:12     | XOM: summons 4 hostile demons
 12247 | D:12     | XOM: blink monster(s)
 12260 | D:12     | Noticed a cyan ugly thing
 12419 | D:12     | Killed a cyan ugly thing
 12662 | D:12     | XOM: potion effect (invisibility)
 12670 | D:12     | Killed a death yak
 12789 | D:11     | XOM: 5-stop teleportation journey
 12966 | D:11     | XOM: fog
 12968 | D:11     | XOM: cast spell 'Summon Hydra'
 13298 | D:11     | XOM: summons 2 friendly demons
 13328 | D:11     | XOM: scenery: 1 doors open, 3 doors close
 13331 | D:11     | XOM: god gift: runed orcbow {god gift}
 13574 | D:11     | XOM: god gift: +0 great mace of chaos
 13642 | Lair:1   | Entered Level 1 of the Lair of Beasts
 13690 | Lair:1   | XOM: enchant monster (good)
 13721 | Lair:1   | XOM: confuse monster(s)
 13738 | Lair:1   | XOM: destruction
 13739 | Lair:1   | XOM: summons 3 hostile demons
 13751 | Lair:1   | XOM: polymorph quasit -> ufetubus
 13877 | Lair:1   | XOM: confusion
 13878 | Lair:1   | XOM: scenery: summon butterflies
 14133 | Lair:1   | Found the amulet of Elemental Vulnerability {rPois rF--
                  | rC-- AC+8}
 14196 | Lair:1   | XOM: divination: detect items
 14221 | Lair:1   | XOM: enchant monster (good)
 14225 | Lair:1   | XOM: confusion
 14226 | Lair:1   | XOM: cleaving
 14231 | Lair:1   | Reached skill level 1 in Shields
 14234 | Lair:1   | XOM: polymorph black mamba -> tengu
 14327 | Lair:1   | XOM: cast spell 'Monstrous Menagerie'
 14390 | Lair:1   | Reached XP level 12. HP: 112/112 MP: 12/12
 14393 | Lair:1   | XOM: confusion
 14454 | Lair:1   | XOM: summons 4 hostile demons
 14525 | Lair:1   | XOM: give mutations
 14525 | Lair:1   | Lost mutation: Your skin changes colour to match your
                  | surroundings (Stealth+). [Xom's mischief]
 14525 | Lair:1   | Gained mutation: You passively map a small area around you.
                  | [Xom's mischief]
 14525 | Lair:1   | Gained mutation: Your muscles are strong. (Str +4, Int/Dex
                  | -1) [Xom's mischief]
 14919 | Lair:1   | XOM: torment (57/112 hp)
 15096 | Lair:1   | Found a runed translucent door.
 15096 | Lair:1   | Noticed tls9540's ghost (journeyman CoGl)
 15097 | Lair:1   | Identified the +9 trident of Lies {flame, rF+ Str-5 Dex+3
                  | SInv}
 15207 | Lair:1   | XOM: summons 7 hostile demons
 15248 | Lair:1   | XOM: give mutation
 15248 | Lair:1   | Gained mutation: Your magical capacity is low. (-10% MP)
                  | [Xom's mischief]
 15375 | Lair:1   | XOM: silly message
 15477 | Lair:2   | XOM: confuse monster(s)
 15497 | Lair:2   | Reached skill level 5 in Shields
 15508 | Lair:2   | XOM: polymorph yak -> quokka
 15650 | D:7      | XOM: give mutations
 15650 | D:7      | Gained mutation: You are highly strong-willed. (Will++)
                  | [Xom's mischief]
 15650 | D:7      | Gained mutation: Your flesh is heat resistant. (rF+) [Xom's
                  | mischief]
 15650 | D:7      | Gained mutation: You have hidden genetic defects. [Xom's
                  | mischief]
 15650 | D:7      | Lost mutation: You passively map a small area around you.
                  | [Xom's mischief]
 15734 | D:5      | Bought a scroll of teleportation for 36 gold pieces
 15734 | D:5      | Bought a scroll of silence for 114 gold pieces
 15734 | D:5      | Bought a scroll of butterflies for 48 gold pieces
 15734 | D:5      | Bought a scroll of identify for 24 gold pieces
 15734 | D:5      | Bought a scroll of identify for 24 gold pieces
 15734 | D:5      | Bought a scroll of identify for 24 gold pieces
 15818 | D:6      | XOM: give mutations
 15818 | D:6      | Lost mutation: You have hidden genetic defects. [Xom's
                  | mischief]
 15818 | D:6      | Gained mutation: Potions are less effective at restoring
                  | your health. [Xom's mischief]
 15937 | Lair:1   | XOM: summons 7 hostile demons
 16432 | Lair:2   | XOM: fog
 16462 | Lair:2   | XOM: destruction
 16683 | Lair:2   | XOM: fake destruction
 16690 | Lair:2   | XOM: fog
 16697 | Lair:2   | XOM: cleaving
 16760 | Lair:2   | XOM: confusion (+ monsters)
 16778 | Lair:2   | XOM: noise
 16787 | Lair:2   | XOM: cleaving
 16810 | Lair:2   | XOM: enchant monster (good)
 16817 | Lair:2   | XOM: noise
 16997 | Lair:2   | XOM: polymorph elephant -> shapeshifter
 17006 | Lair:2   | XOM: summons friendly white imp
 17404 | Lair:2   | XOM: silly message
 17508 | Lair:2   | Found a staircase to the Swamp.
 17525 | Lair:2   | XOM: 7-stop teleportation journey
 17645 | Lair:3   | Noticed an eight-headed hydra
 17646 | Lair:3   | XOM: summons 12 friendly demons
 17679 | Lair:3   | Noticed a death yak
 17679 | Lair:3   | Noticed a death yak
 17694 | Lair:2   | Reached skill level 15 in Maces & Flails
 17743 | Lair:3   | XOM: divination: magic mapping
 17748 | Lair:3   | XOM: god gift: 4 curare-tipped darts
 17749 | Lair:3   | XOM: summons friendly iron imp
 17750 | Lair:3   | XOM: potion effect (invisibility)
 17753 | Lair:3   | Noticed an eight-headed hydra
 17793 | Lair:2   | XOM: give mutations
 17793 | Lair:2   | Gained mutation: You have a pair of small horns on your
                  | head. [Xom's grace]
 17793 | Lair:2   | Gained mutation: You have sharp toenails. [Xom's grace]
 17793 | Lair:2   | Gained mutation: Your spells are a little harder to cast,
                  | but a little more powerful. [Xom's grace]
 17889 | Lair:2   | Killed an eight-headed hydra
 18088 | Lair:3   | XOM: confuse monster(s)
 18089 | Lair:3   | Found a frozen archway.
 18119 | IceCv    | Entered an ice cave
 18127 | IceCv    | XOM: polymorph yak -> shapeshifter
 18131 | IceCv    | XOM: scenery: summon butterflies
 18274 | IceCv    | XOM: summons friendly quasit
 18277 | IceCv    | Reached XP level 13. HP: 109/119 MP: 11/11
 18415 | IceCv    | XOM: summons friendly ufetubus
 18617 | IceCv    | XOM: give mutations
 18617 | IceCv    | Lost mutation: You are clumsy. (Dex -2) [Xom's grace]
 18617 | IceCv    | Gained mutation: You are agile. (Dex +4, Str/Int -1) [Xom's
                  | grace]
 18763 | IceCv    | XOM: divine lightning
 18812 | IceCv    | XOM: 1-stop teleportation journey
 18876 | IceCv    | XOM: cast spell 'Summon Horrible Things'
 18896 | IceCv    | Noticed a frost giant
 18905 | IceCv    | Killed a frost giant
 18907 | IceCv    | XOM: potion effect (brilliance)
 19051 | IceCv    | XOM: cleaving
 19052 | IceCv    | XOM: god gift: flail {god gift}
 19057 | IceCv    | Identified the ring "Kuddeitz" {rPois Str-3 Dex+2 Slay+4}
                  | (Xom gifted it to you in an ice cave)
 19057 | IceCv    | XOM: god gift: ring "Kuddeitz" {rPois Str-3 Dex+2 Slay+4}
 19114 | IceCv    | XOM: confuse monster(s)
 19381 | Lair:3   | Found a hole to the Spider Nest.
 19486 | Lair:3   | XOM: cast spell 'Animate Armour'
 19676 | Lair:3   | Identified 2 scrolls of acquirement
 19763 | Lair:3   | XOM: scenery: create altars
 19805 | Lair:3   | XOM: polymorph death yak -> redback
 19820 | Lair:3   | XOM: smoke on damage
 19822 | Lair:3   | Reached skill level 10 in Shields
 19826 | Lair:3   | XOM: cleaving
 19834 | Lair:3   | XOM: cleaving
 19846 | Lair:3   | XOM: destruction
 19854 | Lair:3   | XOM: cast spell 'Summon Mana Viper'
 19963 | Lair:3   | XOM: divination: detect items
 19988 | Lair:2   | XOM: draining
 19999 | Lair:3   | XOM: confusion (+ monsters)
 20132 | Lair:2   | XOM: god gift: 54 gold pieces
 20191 | Lair:3   | Acquired 1235 gold pieces
 20194 | Lair:3   | XOM: noise
 20195 | Lair:3   | Acquired the amulet "Voc Zar" {rF+ rC+ RegenMP+ Str+4
                  | Dex+2}
 20218 | Lair:3   | XOM: scenery: summon butterflies
 20497 | Lair:3   | XOM: noise
 20505 | Lair:3   | XOM: polymorph blink frog -> skyshark
 20818 | Lair:4   | Found a dark tunnel.
 20832 | Volcano  | Entered a volcano
 21044 | Volcano  | XOM: summons 7 hostile demons
 21178 | Volcano  | Found a radiant altar of Vehumet.
 21181 | Volcano  | XOM: cast spell 'Monstrous Menagerie'
 21187 | Volcano  | XOM: confusion
 21188 | Volcano  | XOM: polymorph two-headed ogre -> two-headed ogre
 21189 | Volcano  | XOM: smoke on damage
 21374 | Volcano  | XOM: draining
 21438 | Volcano  | XOM: draining
 21440 | Volcano  | XOM: summons 8 friendly demons
 21447 | Volcano  | Reached XP level 14. HP: 58/103 MP: 12/12
 21761 | Lair:4   | XOM: divination: detect creatures
 21829 | Lair:4   | XOM: silly message
 22203 | Lair:5   | Entered Level 5 of the Lair of Beasts
 22239 | Lair:5   | Found a staircase to the Slime Pits.
 22239 | Lair:5   | Found a viscous altar of Jiyva.
 22276 | Lair:5   | XOM: enchant monster (good)
 22287 | Lair:5   | XOM: divination: magic mapping
 22290 | Lair:5   | XOM: potion effect (haste)
 22292 | Lair:5   | XOM: polymorph cane toad -> harpy
 22303 | Lair:5   | XOM: confuse monster(s)
 22323 | Lair:5   | XOM: god gift: 19 gold pieces
 22434 | Lair:5   | XOM: polymorph elephant -> ice beast
 22441 | Lair:5   | XOM: destruction
 22443 | Lair:5   | XOM: summons friendly crimson imp
 22446 | Lair:5   | XOM: divine lightning
 22604 | Lair:5   | XOM: cleaving
 22777 | Lair:5   | XOM: summons friendly shadow imp
 22837 | Lair:5   | XOM: summons 1 friendly demon
 22841 | Lair:5   | XOM: enchant monster (good)
 22842 | Lair:5   | XOM: confuse monster(s)
 22846 | Lair:5   | Reached skill level 15 in Shields
 22857 | Lair:5   | XOM: fog
 22972 | Lair:5   | XOM: scenery: summon butterflies
 22974 | Lair:5   | XOM: scenery: create altars
 22986 | Lair:5   | XOM: fog
 23032 | Lair:5   | XOM: confuse monster(s)
 23106 | Lair:5   | Identified the granite talisman of a wizard's laboratory
                  | {Slay+3}
 23116 | Lair:5   | XOM: enchant monster (good)
 23169 | Lair:5   | XOM: enchant monster (good)
 23198 | Lair:5   | XOM: fog
 23207 | Lair:5   | XOM: smoke on damage
 23219 | Lair:5   | XOM: polymorph wolf -> hog
 23260 | Lair:5   | XOM: silly message
 23347 | Lair:5   | XOM: blink monster(s)
 23701 | D:11     | Reached skill level 15 in Fighting
 24241 | Orc:1    | Entered Level 1 of the Orcish Mines
 24241 | Orc:1    | Found a roughly hewn altar of Beogh.
 24389 | Orc:1    | Found a transporter.
 24395 | Orc:1    | Found an ornate altar of the Wu Jian Council.
 24396 | Orc:1    | Found a transporter.
 24405 | Orc:1    | You fall into a shaft and drop 1 floor!
 24405 | Orc:2    | Entered Level 2 of the Orcish Mines
 24447 | Orc:2    | Found a staircase to the Elven Halls.
 24556 | Orc:1    | Found a roughly hewn altar of Beogh.
 24712 | Orc:1    | Found a transporter.
 24729 | Orc:1    | Found a transporter.
 24729 | Orc:1    | Found an ornate altar of the Wu Jian Council.
 24729 | Orc:1    | Noticed an orc warlord
 24777 | Orc:1    | XOM: 9-stop teleportation journey
 24779 | Orc:1    | Found a roughly hewn altar of Beogh.
 24785 | Orc:1    | XOM: confuse monster(s)
 25134 | Orc:1    | XOM: silly message
 25136 | Orc:1    | XOM: draining
 25298 | Orc:2    | XOM: divination: detect creatures
 25323 | Orc:1    | XOM: cleaving
 25481 | Orc:2    | XOM: scenery: summon butterflies
 25487 | Orc:2    | XOM: scenery: summon butterflies
 25586 | Orc:2    | Reached skill level 1 in Shapeshifting
 25587 | Orc:2    | XOM: cleaving
 25589 | Orc:2    | XOM: polymorph orc -> giant cockroach
 25593 | Orc:2    | XOM: cleaving
 25597 | Orc:2    | XOM: polymorph orc -> shapeshifter
 25673 | Orc:2    | XOM: summons friendly white imp
 25684 | Orc:2    | XOM: scenery: create altars
 25693 | Orc:2    | Reached XP level 15. HP: 119/130 MP: 13/13
 25821 | Orc:2    | Found a roughly hewn altar of Beogh.
 25914 | Orc:2    | XOM: scenery: summon butterflies
 25924 | Orc:2    | XOM: enchant monster (good)
 26096 | Orc:1    | XOM: god gift: 893 gold pieces
 26190 | Orc:2    | XOM: smoke on damage
 26296 | Orc:2    | XOM: god gift: potion of mutation
 26342 | Orc:2    | Found Lafoor's Distillery.
 26342 | Orc:2    | Found Weowon's Book Emporium.
 26344 | Orc:2    | Found Hyxuupp's Magic Scroll Boutique.
 26344 | Orc:2    | Found Vuqom's Antique Armour Emporium.
 26350 | Orc:2    | Bought a potion of heal wounds for 70 gold pieces
 26353 | Orc:2    | Bought a scroll of teleportation for 36 gold pieces
 26353 | Orc:2    | Bought a scroll of identify for 24 gold pieces
 26747 | D:13     | XOM: scenery: summon butterflies
 26927 | D:13     | XOM: scenery: summon butterflies
 27104 | D:13     | Reached skill level 5 in Shapeshifting
 27243 | D:13     | Found a shadowy altar of Dithmenos.
 27352 | D:13     | XOM: enchant monster (good)
 27604 | D:13     | Found a roughly hewn altar of Beogh.
 27708 | D:14     | Found a gate to the Vaults.
 27722 | D:13     | XOM: summons 2 friendly demons
 27801 | D:14     | XOM: scenery: create altars
 27987 | D:14     | XOM: divination: magic mapping
 28014 | D:14     | XOM: potion effect (brilliance)
 28021 | D:14     | XOM: potion effect (might)
 28026 | D:14     | XOM: noise
 28030 | D:14     | XOM: cast spell 'Monstrous Menagerie'
 28049 | D:14     | XOM: confusion (+ monsters)
 28428 | D:14     | XOM: 2-stop teleportation journey
 28517 | D:14     | Found a runed translucent door.
 28517 | D:14     | Found a shimmering altar of Xom.
 28517 | D:14     | Noticed Dicinne's ghost (journeyman VSEE)
 28736 | D:14     | XOM: fog
 29214 | D:15     | Entered Level 15 of the Dungeon
 29242 | D:15     | XOM: scenery: create altars
 29263 | D:15     | XOM: god gift: 340 gold pieces
 29343 | D:15     | XOM: divination: magic mapping
 29352 | D:15     | Identified the +9 plate armour of Yredelemnul's Scorn {Harm
                  | Rampage rF+}
 29575 | D:15     | XOM: enchant monster (good)
 29662 | D:15     | XOM: silly message
 29989 | D:15     | Found a staircase to the Depths.
 30417 | Swamp:1  | Entered Level 1 of the Swamp
 30443 | Swamp:1  | Identified the +2 robe of Jamaliwk {Int+2}
 30517 | Swamp:1  | XOM: fog
 30520 | Swamp:1  | Reached skill level 1 in Spellcasting
 30520 | Swamp:1  | Reached skill level 1 in Translocations
 30565 | Swamp:1  | XOM: cleaving
 30594 | Swamp:1  | Reached XP level 16. HP: 119/149 MP: 16/16
 30693 | Swamp:1  | XOM: scenery: 1 doors open
 30724 | Swamp:1  | XOM: enchant monster (good)
 30795 | Swamp:1  | Identified the +6 shortbow "Sarcophage" {drain, rPois rF++
                  | rCorr Int-2}
 31110 | Swamp:1  | XOM: confuse monster(s)
 31121 | Swamp:1  | XOM: give mutations
 31121 | Swamp:1  | Gained mutation: You are partially covered in iridescent
                  | scales. (AC +2) [Xom's grace]
 31121 | Swamp:1  | Gained mutation: You have a pair of horns on your head.
                  | [Xom's grace]
 31122 | Swamp:1  | Identified the +6 dagger of Makhleb's Benevolence {speed,
                  | +Blink rC+}
 31262 | Swamp:1  | Identified the +9 halberd "Plog" {antimagic, rC++ Str+3}
 31389 | Swamp:2  | XOM: silly message
 31420 | Swamp:2  | XOM: swap monsters
 31428 | Swamp:2  | Noticed a thorn hunter
 31429 | Swamp:2  | XOM: summons 16 friendly demons
 31436 | Swamp:2  | XOM: summons friendly ufetubus
 31446 | Swamp:2  | XOM: smoke on damage
 31628 | Swamp:1  | Killed a thorn hunter
 31870 | Swamp:2  | Noticed Louise
 31926 | Swamp:1  | Killed Louise
 31952 | Swamp:2  | XOM: 3-stop teleportation journey
 32002 | Swamp:2  | XOM: 1-stop teleportation journey
 32019 | Swamp:2  | XOM: fog
 32022 | Swamp:2  | XOM: confusion
 32085 | Swamp:2  | Reached skill level 5 in Translocations
 32491 | Swamp:3  | XOM: 1-stop teleportation journey
 32547 | Swamp:3  | XOM: give mutations
 32547 | Swamp:3  | Lost mutation: Your magical capacity is low. (-10% MP)
                  | [Xom's mischief]
 32547 | Swamp:3  | Lost mutation: Your spells are a little harder to cast, but
                  | a little more powerful. [Xom's mischief]
 32547 | Swamp:3  | Gained mutation: Your spells are a little harder to cast,
                  | but a little more powerful. [Xom's mischief]
 32547 | Swamp:3  | Lost mutation: Your spells are a little harder to cast, but
                  | a little more powerful. [Xom's mischief]
 32596 | Swamp:3  | Learned a level 4 spell: Manifold Assault
 32601 | Swamp:3  | Learned a level 4 spell: Passage of Golubria
 32608 | Swamp:3  | XOM: noise
 32766 | Swamp:3  | Found a snail-covered altar of Cheibriados.
 32870 | Swamp:3  | XOM: blink monster(s)
 32976 | Swamp:4  | Entered Level 4 of the Swamp
 32982 | Swamp:3  | XOM: repel stairs
 33003 | Swamp:4  | XOM: polymorph eight-headed hydra -> dire elephant
 33004 | Swamp:4  | XOM: blink monster(s)
 33033 | Swamp:4  | XOM: enchant monster (bad)
 33161 | Swamp:4  | XOM: swap monsters
 33165 | Swamp:4  | XOM: potion effect (invisibility)
 33178 | Swamp:4  | XOM: silly message
 33201 | Swamp:4  | XOM: polymorph swamp worm -> hound
 33236 | Swamp:4  | Noticed a thorn hunter
 33319 | Swamp:4  | Killed a thorn hunter
 33319 | Swamp:4  | XOM: 1-stop teleportation journey
 33419 | Swamp:4  | Got a decaying rune of Zot
 33571 | Swamp:4  | XOM: silly message
 33600 | Swamp:4  | Found a runed translucent gate.
 33600 | Swamp:4  | Found a runed translucent gate.
 33601 | Swamp:4  | Found a runed translucent gate.
 33603 | Swamp:4  | Noticed Roxkas's ghost (adept DsMo)
 33603 | Swamp:4  | Noticed tlatlagkaus's ghost (journeyman DjAl)
 33603 | Swamp:4  | Noticed Ronoptav's ghost (adept DEAE)
 33604 | Swamp:4  | Noticed bignoob's ghost (adept MDHW)
 33604 | Swamp:4  | Noticed Huckle's ghost (adept MiGl)
 34197 | Vaults:1 | Entered Level 1 of the Vaults
 34199 | Vaults:1 | Found Iseetzat's Magic Scroll Shoppe.
 34199 | Vaults:1 | XOM: 8-stop teleportation journey
 34212 | Vaults:2 | XOM: divination: detect creatures
 34217 | Vaults:2 | Reached skill level 10 in Shapeshifting
 34222 | Vaults:2 | Reached XP level 17. HP: 105/156 MP: 23/23
 34506 | Vaults:1 | XOM: silly message
 34511 | Vaults:2 | XOM: silly message
 34558 | Vaults:1 | Identified the +2 ring mail "Ugiar" {rC+ Str+4 Stlth-}
 34606 | Vaults:1 | Noticed a sphinx
 34623 | Vaults:1 | Killed a sphinx
 34635 | Vaults:1 | XOM is BORED!
 34635 | Vaults:1 | XOM: silly message
 34675 | Vaults:1 | XOM: noise
 34695 | Vaults:1 | XOM: confuse monster(s)
 34714 | Vaults:1 | Noticed a tentacled monstrosity
 34954 | Vaults:1 | XOM: enchant monster (bad)
 35055 | Vaults:1 | XOM: cast spell 'Alistair's Intoxication'
 35070 | Vaults:1 | XOM: enchant monster (good)
 35075 | Vaults:1 | XOM: potion effect (experience)
 35075 | Vaults:1 | Reached XP level 18. HP: 139/163 MP: 24/24
 35177 | Vaults:1 | XOM is BORED!
 35179 | Vaults:1 | XOM: swap monsters
 35265 | Vaults:1 | XOM: god gift: tin of tremorstones (2/2)
 35304 | Vaults:1 | XOM: god gift: +0 demon whip of chaos
 35307 | Vaults:1 | Killed a tentacled monstrosity
 35753 | Vaults:1 | XOM: give mutations
 35753 | Vaults:1 | Gained mutation: Your magical capacity is low. (-10% MP)
                  | [Xom's mischief]
 35753 | Vaults:1 | Gained mutation: You are robust. (+10% HP) [Xom's mischief]
 35817 | Vaults:1 | XOM: god gift: 49 gold pieces
 35873 | Vaults:1 | Bought a scroll of teleportation for 42 gold pieces
 35873 | Vaults:1 | Bought a scroll of blinking for 105 gold pieces
 35873 | Vaults:1 | Bought a scroll of enchant weapon for 105 gold pieces
 35873 | Vaults:1 | Bought a scroll of fog for 56 gold pieces
 35963 | Vaults:2 | Noticed Mennas
 36204 | Vaults:2 | XOM: enchant monster (good)
 36232 | Vaults:2 | XOM: enchant monster (good)
 36320 | Vaults:2 | XOM: divination: detect creatures
 36447 | Vaults:2 | Noticed a tentacled monstrosity
 36456 | Vaults:2 | XOM: summons friendly ufetubus
 36459 | Vaults:2 | XOM: silly message
 36481 | Vaults:2 | XOM: silly message
 36482 | Vaults:2 | XOM: chaos upgrade
 36485 | Vaults:2 | XOM: summons 4 friendly demons
 36488 | Vaults:2 | XOM: 3-stop teleportation journey
 36637 | Vaults:2 | XOM: silly message
 36699 | Vaults:2 | XOM: silly message
 36716 | Vaults:2 | Reached skill level 10 in Translocations
 37010 | Vaults:2 | XOM: confuse monster(s)
 37045 | Vaults:2 | Reached XP level 19. HP: 189/189 MP: 20/22
 37065 | Vaults:2 | XOM: 1-stop teleportation journey
 37694 | Vaults:2 | Found a staircase to the Crypt.
 37710 | Vaults:2 | XOM: divination: magic mapping
 37884 | Vaults:3 | XOM: noise
 37969 | Vaults:3 | Reached skill level 5 in Spellcasting
 37973 | Vaults:3 | XOM: noise
 37977 | Vaults:3 | XOM: fake destruction
 38221 | Vaults:3 | XOM: 3-stop teleportation journey
 38276 | Vaults:3 | Noticed Mara
 38286 | Vaults:3 | XOM: summons friendly crimson imp
 38295 | Vaults:3 | Noticed Wizard1ke's illusion
 38306 | Vaults:3 | XOM: cast spell 'Discord'
 38308 | Vaults:3 | Killed Mara
 38690 | Vaults:3 | XOM: summons 8 hostile demons
 38960 | Vaults:3 | Found Zegiy's Antique Armour Shoppe.
 39149 | Vaults:3 | XOM: give mutations
 39149 | Vaults:3 | Lost mutation: Your magical capacity is low. (-10% MP)
                  | [Xom's mischief]
 39149 | Vaults:3 | Lost mutation: Potions are less effective at restoring your
                  | health. [Xom's mischief]
 39205 | Vaults:3 | XOM: swap monsters
 39400 | Vaults:4 | Found a crumbling gateway.
 39463 | Desolati | Entered the Desolation of Salt
 39496 | Vaults:4 | XOM: swap monsters
 39620 | Vaults:4 | Found a runed translucent door.
 39656 | Vaults:4 | Found Lufifuc's Weapon Emporium.
 39678 | Vaults:4 | Reached skill level 15 in Shapeshifting
 39680 | Vaults:4 | XOM: swap monsters
 39868 | Vaults:4 | XOM: enchant monster (bad)
 39875 | Vaults:4 | Reached XP level 20. HP: 198/198 MP: 7/29
 39950 | Vaults:4 | XOM: noise
 40190 | Vaults:4 | XOM: give mutations
 40190 | Vaults:4 | Lost mutation: You are partially covered in iridescent
                  | scales. (AC +2) [Xom's mischief]
 40190 | Vaults:4 | Gained mutation: You are extremely strong-willed. (Will+++)
                  | [Xom's mischief]
 40190 | Vaults:4 | Lost mutation: Your muscles are strong. (Str +4, Int/Dex
                  | -1) [Xom's mischief]
 40190 | Vaults:4 | Gained mutation: You expend magic power (3 MP) to
                  | strengthen your wands. [Xom's mischief]
 40500 | Vaults:4 | XOM: summons 11 hostile demons
 40501 | Vaults:4 | Gained mutation: You occasionally lose the ability to read
                  | scrolls when taking damage. [a neqoxec]
 40573 | Vaults:4 | XOM: give mutations
 40573 | Vaults:4 | Lost mutation: You have a pair of horns on your head.
                  | [Xom's mischief]
 40573 | Vaults:4 | Gained mutation: Your spells are a little harder to cast,
                  | but a little more powerful. [Xom's mischief]
 40573 | Vaults:4 | Lost mutation: Your flesh is heat resistant. (rF+) [Xom's
                  | mischief]
 40598 | Vaults:4 | XOM: give mutations
 40598 | Vaults:4 | Lost mutation: You have sharp toenails. [Xom's mischief]
 40598 | Vaults:4 | Lost mutation: You occasionally lose the ability to read
                  | scrolls when taking damage. [Xom's mischief]
 40604 | Vaults:4 | Learned a level 6 spell: Dispersal
 40611 | Vaults:4 | XOM: confuse monster(s)
 40638 | Vaults:4 | XOM: cleaving
 41156 | Elf:1    | Entered Level 1 of the Elven Halls
 41227 | Elf:1    | XOM: 1-stop teleportation journey
 41229 | Elf:1    | XOM: divine lightning
 41361 | Elf:1    | XOM: destruction
 41373 | Elf:1    | XOM: scenery: 3 doors open, 3 doors close
 41387 | Elf:1    | XOM: destruction
 41535 | Elf:1    | Got Jijulech's Codex of Bombardment
 41536 | Elf:1    | Identified the +8 scale mail of Hyn Lel {rF+}
 42173 | Elf:1    | Identified the +10 shortbow of the Countless Xeniums
                  | {speed, Int+5}
 42226 | Elf:1    | Found Gepnuwu's Jewellery Boutique.
 42309 | Elf:2    | Noticed Roxanne
 42390 | Elf:2    | Paralysed by an air elemental for 1 turns
 42509 | Elf:2    | Found Uskoq's Book Shop.
 42522 | Elf:2    | Killed Roxanne
 42864 | Elf:2    | Found a runed translucent gate.
 42864 | Elf:2    | Found a runed translucent gate.
 42864 | Elf:2    | Found a runed translucent gate.
 42888 | Elf:3    | Entered Level 3 of the Elven Halls
 43073 | Elf:3    | XOM: summons 9 hostile demons
 43146 | Elf:3    | Identified the +3 long sword of Wu Jian's Regard {elec,
                  | ^Contam rF+ Str+5}
 43149 | Elf:3    | Reached XP level 21. HP: 206/206 MP: 23/30
 43196 | Elf:3    | Identified the +10 chain mail of Niol {rF- Str+3 Dex+3}
 43196 | Elf:3    | XOM: destruction
 43330 | Elf:3    | Found the +18 shield of the Gong {Loud rN+ Will+ rCorr
                  | EV-5}
 43397 | Elf:3    | Identified the +8 mace "Sarcophage" {elec, rPois Dex+2}
 43460 | Elf:3    | Identified the +5 great sword of Certain Death {heavy, rF++
                  | Str+3}
 43472 | Elf:3    | XOM: enchant monster (good)
 43473 | Elf:3    | XOM: scenery: summon butterflies
 43664 | Elf:3    | Identified the staff of Breach {^Drain rF+ rC++ rCorr Fire}
 43669 | Elf:3    | Identified the death talisman "Mytazxanan" {rElec Int+3}
 43674 | Elf:3    | Identified the staff "Beelacs" {rElec rC- Int-2 Conj Air
                  | Alchemy}
 43690 | Elf:3    | Identified the +8 ring mail "Vuz Mei" {rN+ Will+ Stlth+}
 43695 | Elf:3    | Got the Annotations on the Parallel Pestle
 43938 | Elf:3    | XOM: god gift: war axe {god gift}
 43941 | Elf:3    | Found Huommakh's One-of-a-Kind Rings.
 43947 | Elf:3    | Bought the ring of Eloof {rF++ rN+ Int+6 Slay+2} for 982
                  | gold pieces
 44244 | D:10     | XOM: divination: detect creatures
 44370 | Depths:1 | Entered Level 1 of the Depths
 44389 | Depths:1 | XOM: divination: detect creatures
 44395 | Depths:1 | XOM: enchant monster (bad)
 44574 | Depths:1 | XOM: cloud trail
 44674 | Depths:1 | XOM: 1-stop teleportation journey
 44685 | Depths:1 | Found Nevuh's General Store.
 44698 | Depths:1 | Found a gateway to Hell.
 44701 | Depths:1 | Bought a scroll of blinking for 157 gold pieces
 44701 | Depths:1 | Bought a potion of brilliance for 84 gold pieces
 44701 | Depths:1 | Bought a scroll of fear for 84 gold pieces
 44937 | Depths:1 | Identified the +1 robe of Ymiegiar {Slay+3 Stlth+}
 45023 | Depths:1 | Found a corrupted altar of Lugonu.
 45023 | Depths:1 | Found a one-way gate to the infinite horrors of the Abyss.
 45089 | Depths:2 | You fall into a shaft and drop 2 floors!
 45089 | Depths:4 | Entered Level 4 of the Depths
 45089 | Depths:4 | Found a blossoming altar of Fedhas.
 45154 | Depths:4 | XOM: enchant monster (good)
 45250 | Depths:4 | Noticed a golden dragon
 45250 | Depths:4 | XOM: cast spell 'Fugue of the Fallen'
 45254 | Depths:4 | Killed a golden dragon
 45458 | Depths:3 | XOM: 2-stop teleportation journey
 45463 | Depths:3 | XOM: enchant monster (bad)
 45663 | Depths:2 | Identified the amulet "Xekkioto" {Faith +Blink Int+5}
 45833 | Depths:2 | Identified the +1 ring mail of Futuristic Creativity
                  | {Will+}
 45834 | Depths:2 | XOM: potion effect (haste)
 45844 | Depths:2 | Found a one-way gateway to a ziggurat.
 45976 | Depths:2 | Found Yjyextiy's Distillery.
 45978 | Depths:2 | Found Luitz's Armour Emporium.
 45986 | Depths:2 | Found Kuyxalil's Weapon Shoppe.
 45990 | Depths:2 | Bought a potion of invisibility for 184 gold pieces
 45990 | Depths:2 | Bought a potion of mutation for 184 gold pieces
 45990 | Depths:2 | Bought a potion of resistance for 230 gold pieces
 45990 | Depths:2 | Bought a potion of resistance for 230 gold pieces
 45994 | Depths:2 | Bought 5 silver javelins for 630 gold pieces
 46274 | Depths:2 | Noticed a dread lich
 46283 | Depths:2 | Killed a dread lich
 46335 | Depths:2 | Found the +6 Majin-Bo {spellvamp, MP+6 Int+6}
 46370 | Depths:2 | Found a one-way gate leading to the halls of Pandemonium.
 46455 | Depths:2 | XOM: 1-stop teleportation journey
 46765 | Depths:3 | XOM: 3-stop teleportation journey
 46828 | Depths:3 | Reached XP level 22. HP: 226/226 MP: 25/31
 46847 | Depths:3 | XOM: give mutation
 46847 | Depths:3 | Gained mutation: Your system is resistant to poisons.
                  | (rPois) [Xom's grace]
 47114 | Depths:3 | Acquired 1260 gold pieces
 47130 | Depths:3 | XOM: 2-stop teleportation journey
 47149 | Depths:3 | Identified the +4 robe "Hiopykh" {rC+ MP+9 Str+3 Int-4}
 47149 | Depths:3 | Noticed Boris
 47154 | Depths:3 | XOM: summons 4 friendly demons
 47157 | Depths:3 | Killed Boris
 47266 | Depths:3 | XOM: scenery: create altars
 47527 | Depths:4 | XOM: god gift: +1 morningstar of protection
 47603 | Depths:4 | Found a portal to a secret trove of treasure.
 47771 | Depths:4 | XOM: summons 6 friendly demons
 47914 | Depths:4 | Found a gate to the Realm of Zot.
 48014 | Depths:4 | XOM: divination: detect creatures
 48186 | Depths:4 | XOM: god gift: scroll of amnesia
 48358 | Depths:4 | Noticed a juggernaut
 48360 | Depths:4 | XOM: confuse monster(s)
 48361 | Depths:4 | Learned a level 4 spell: Vhi's Electric Charge
 48365 | Depths:4 | Killed a juggernaut
 48373 | Depths:4 | Learned a level 3 spell: Teleport Other
 48528 | Depths:4 | XOM: god gift: 40 gold pieces
 48620 | Depths:2 | XOM: summons 5 hostile demons
 48719 | D:12     | XOM: scenery: create altars
 48803 | Spider:1 | Entered Level 1 of the Spider Nest
 48824 | Spider:1 | XOM: cleaving
 48846 | Spider:1 | Reached skill level 1 in Air Magic
 48950 | Spider:1 | Identified the +1 sling "Ekiczul" {heavy, Int+2 Dex+4}
 49045 | Spider:1 | XOM: god gift: translucent chain mail {god gift}
 49045 | Spider:1 | Identified the +3 chain mail of Nuamn {Rampage ^Drain Str+3
                  | Dex+3} (Xom gifted it to you on level 1 of the Spider Nest)
 49221 | Spider:1 | XOM: silly message
 49302 | Spider:1 | XOM: cloud trail
 50724 | Spider:3 | XOM: noise
 50875 | Spider:3 | XOM: 2-stop teleportation journey
 51001 | Spider:3 | XOM: enchant monster (good)
 51059 | Spider:3 | Reached skill level 5 in Air Magic
 51116 | Spider:3 | XOM: scenery: summon butterflies
 51271 | Spider:3 | XOM: cast spell 'Summon Mana Viper'
 51431 | Spider:4 | Entered Level 4 of the Spider Nest
 51605 | Spider:3 | XOM: god gift: curare-tipped dart
 51656 | Spider:3 | XOM: silly message
 51660 | Spider:4 | XOM: potion effect (magic)
 51742 | Spider:4 | Noticed Arachne
 51749 | Spider:4 | Killed Arachne
 51750 | Spider:4 | Reached XP level 23. HP: 236/236 MP: 20/32
 51835 | Spider:4 | XOM: summons 9 hostile demons
 52002 | Spider:4 | XOM: polymorph torpor snail -> tengu
 52203 | Spider:4 | XOM: noise
 52237 | Spider:4 | Got a gossamer rune of Zot
 52347 | Spider:4 | XOM: give mutation
 52347 | Spider:4 | Lost mutation: You expend magic power (3 MP) to strengthen
                  | your wands. [Xom's mischief]
 52745 | Vaults:5 | Entered Level 5 of the Vaults
 52751 | Vaults:5 | Got Vehumet's Grimoire of Conjuration
 52760 | Vaults:5 | Found the +5 Lochaber axe {reach-cleave, Poleaxe ^Drain}
 52901 | Vaults:5 | Noticed an ancient lich
 52934 | Vaults:5 | XOM: summons 5 hostile demons
 52944 | Vaults:5 | XOM: chaos upgrade
 52972 | Vaults:5 | XOM: confusion
 53012 | Vaults:5 | XOM: summons friendly white imp
 53017 | Vaults:5 | XOM: fog
 53225 | Vaults:5 | XOM: give mutation
 53225 | Vaults:5 | Gained mutation: You are very agile. (Dex +8, Str/Int -2)
                  | [Xom's grace]
 53235 | Vaults:5 | Got a silver rune of Zot
 53434 | Vaults:5 | XOM: confuse monster(s)
 53611 | Vaults:5 | Killed an ancient lich
 53654 | Vaults:5 | Noticed an ancient lich
 53654 | Vaults:5 | XOM: 3-stop teleportation journey
 53663 | Vaults:5 | XOM: enchant monster (good)
 53701 | Vaults:5 | XOM: 1-stop teleportation journey
 53793 | Vaults:5 | XOM: noise
 53794 | Vaults:5 | Killed an ancient lich
 53820 | Vaults:5 | XOM: noise
 53938 | Vaults:5 | Identified the ring of Ifawkyno {Ice Fly rN+++ Int-2 Dex-5}
 54164 | Vaults:5 | XOM: polymorph tengu reaver -> tengu reaver
 54187 | Vaults:5 | Found Zatel's Weapon Shoppe.
 54274 | Vaults:5 | XOM: 5-stop teleportation journey
 54320 | Vaults:5 | XOM: stat loss: -1 Dex (20/21)
 54321 | Vaults:5 | Identified the ring of Yrghigum {Fly rElec Will+ Str+2}
 54439 | Vaults:5 | XOM: give mutations
 54439 | Vaults:5 | Gained mutation: Your spells are harder to cast, but more
                  | powerful. [Xom's grace]
 54439 | Vaults:5 | Gained mutation: Your muscles are strong. (Str +4, Int/Dex
                  | -1) [Xom's grace]
 54486 | Vaults:5 | XOM: cloud trail
 54667 | Vaults:2 | Killed Mennas
 54910 | Slime:1  | Entered Level 1 of the Pits of Slime
 55058 | Slime:2  | XOM: stealth player
 55062 | Slime:2  | XOM: noise
 55084 | Slime:2  | Reached XP level 24. HP: 246/246 MP: 21/32
 55584 | Slime:4  | Gained mutation: You occasionally shout uncontrollably at
                  | your foes. [a shining eye]
 55605 | Slime:5  | Entered Level 5 of the Pits of Slime
 55635 | Slime:4  | XOM: scenery: summon butterflies
 55947 | Slime:5  | Noticed the Royal Jelly
 55955 | Slime:5  | XOM: blink monster(s)
 55959 | Slime:5  | Killed the Royal Jelly
 56040 | Slime:4  | XOM: summons 6 hostile demons
 56145 | Slime:4  | XOM: 1-stop teleportation journey
 56542 | Slime:5  | XOM: give mutations
 56542 | Slime:5  | Gained mutation: Your mind is acute. (Int +4, Str/Dex -1)
                  | [Xom's mischief]
 56542 | Slime:5  | Lost mutation: You are robust. (+10% HP) [Xom's mischief]
 56542 | Slime:5  | Lost mutation: You occasionally shout uncontrollably at
                  | your foes. [Xom's mischief]
 56542 | Slime:5  | Gained mutation: You are resistant to electric shocks.
                  | (rElec) [Xom's mischief]
 56585 | Slime:5  | XOM: torment (234/291 hp)
 56746 | Slime:5  | Identified the staff of Uhizuar {Str+4 Conj Tloc}
 56765 | Slime:5  | Got the Almanac of the Twinkling Damned
 56786 | Slime:5  | Identified the amulet of Buquvana {Spirit Slay+4}
 56794 | Slime:5  | Got a slimy rune of Zot
 56810 | Slime:5  | Got the Octavo of Confrontation and Nonlocality
 56827 | Slime:5  | Identified the ring "Gejepn" {Wiz Str+2}
 56837 | Slime:5  | Identified the +5 shortbow "Symoskul" {freeze, Dex+4}
 57222 | Zot:1    | Entered Level 1 of the Realm of Zot
 57247 | Zot:1    | XOM: enchant monster (good)
 57439 | Depths:4 | XOM: 1-stop teleportation journey
 57632 | Zot:1    | XOM: summons friendly shadow imp
 57642 | Zot:1    | XOM: summons friendly neqoxec
 57880 | Zot:1    | XOM: summons friendly ufetubus
 57882 | Zot:1    | XOM: potion effect (heal wounds)
 58021 | Zot:1    | Reached skill level 10 in Armour
 58116 | Zot:1    | Noticed a Killer Klown
 58124 | Zot:1    | Killed a Killer Klown
 58309 | Depths:4 | XOM: divination: magic mapping
 58571 | Zot:1    | XOM: cloud trail
 58716 | Zot:1    | XOM: 4-stop teleportation journey
 58741 | Zot:1    | XOM: 2-stop teleportation journey
 58828 | Zot:1    | XOM: stat loss: -1 Str (29/30)
 58980 | Zot:1    | XOM: give mutations
 58980 | Zot:1    | Lost mutation: Your spells are harder to cast, but more
                  | powerful. [Xom's mischief]
 58980 | Zot:1    | Gained mutation: Your magical capacity is low. (-10% MP)
                  | [Xom's mischief]
 58980 | Zot:1    | Lost mutation: You are extremely strong-willed. (Will+++)
                  | [Xom's mischief]
 58990 | Zot:1    | Reached XP level 25. HP: 228/228 MP: 14/28
 59322 | Zot:1    | XOM: summons 13 hostile demons
 59536 | Zot:1    | XOM: give mutations
 59536 | Zot:1    | Gained mutation: Your spells are harder to cast, but more
                  | powerful. [Xom's mischief]
 59536 | Zot:1    | Lost mutation: You are highly strong-willed. (Will++)
                  | [Xom's mischief]
 59544 | Zot:1    | XOM: give mutations
 59544 | Zot:1    | Lost mutation: Your muscles are strong. (Str +4, Int/Dex
                  | -1) [Xom's mischief]
 59544 | Zot:1    | Lost mutation: You have a pair of small horns on your head.
                  | [Xom's mischief]
 59544 | Zot:1    | Lost mutation: You are resistant to electric shocks.
                  | (rElec) [Xom's mischief]
 59584 | Zot:2    | XOM: enchant monster (bad)
 60162 | Depths:1 | Bought a scroll of brand weapon for 199 gold pieces
 60440 | Zot:2    | XOM: potion effect (might)
 60448 | Zot:2    | XOM: fog
 60521 | Zot:2    | XOM: give mutations
 60521 | Zot:2    | Gained mutation: You have large cloven feet. [Xom's grace]
 60521 | Zot:2    | Gained mutation: Your flesh is cold resistant. (rC+) [Xom's
                  | grace]
 60663 | Zot:2    | XOM: god gift: amulet of reflection
 60781 | Zot:2    | XOM: cleaving
 60810 | Zot:2    | Identified the +0 ring mail "Sibid" {^Drain rN+ Dex+4
                  | Slay+2}
 60861 | Zot:2    | Got the Reference Book on the Green Catacomb
 60906 | Zot:2    | Got the Volume of Diablerie and Vitriol
 61112 | Zot:2    | XOM: god gift: scroll of noise
 61127 | Zot:2    | Reached skill level 15 in Armour
 61128 | Zot:2    | XOM: smoke on damage
 61246 | Zot:2    | XOM: scenery: 1 doors close
 61448 | Zot:2    | XOM: god gift: robe {god gift}
 61451 | Zot:2    | XOM: confuse monster(s)
 61522 | Zot:2    | XOM: god gift: +2 flail of draining
 61622 | Zot:3    | XOM: divination: detect creatures
 61664 | Zot:3    | XOM: cast spell 'Summon Cactus Giant'
 61717 | Zot:3    | XOM: summons friendly ufetubus
 61737 | Zot:3    | XOM: confuse monster(s)
 61771 | Zot:3    | Found a huge runed translucent gate.
 61771 | Zot:3    | Found a huge runed translucent gate.
 61771 | Zot:3    | Found a huge runed translucent gate.
 61771 | Zot:3    | Found a huge runed translucent gate.
 61771 | Zot:3    | Found a huge runed translucent gate.
 61772 | Zot:3    | Found a huge runed translucent gate.
 61774 | Zot:3    | Found a huge runed translucent gate.
 61810 | Zot:3    | XOM: 1-stop teleportation journey
 61829 | Zot:3    | XOM: scenery: summon butterflies
 61830 | Zot:3    | Found a huge runed translucent gate.
 61830 | Zot:3    | Found a huge runed translucent gate.
 61830 | Zot:3    | Found a huge runed translucent gate.
 61830 | Zot:3    | Found a huge runed translucent gate.
 61830 | Zot:3    | Found a huge runed translucent gate.
 61830 | Zot:3    | Found a huge runed translucent gate.
 61830 | Zot:3    | Found a huge runed translucent gate.
 61830 | Zot:3    | Found a huge runed translucent gate.
 61830 | Zot:3    | Found a huge runed translucent gate.
 61830 | Zot:3    | Found a huge runed translucent gate.
 62099 | Zot:3    | Got the Vademecum on Enchanting Orogeny
 62121 | Zot:3    | Identified the +6 falchion "Trog's Brutal Revenge" {freeze,
                  | ^Fragile Fly rF+}
 62129 | Zot:3    | Found a huge runed translucent gate.
 62130 | Zot:3    | Found a huge runed translucent gate.
 62130 | Zot:3    | Found a huge runed translucent gate.
 62130 | Zot:3    | Found a huge runed translucent gate.
 62130 | Zot:3    | Found a huge runed translucent gate.
 62131 | Zot:3    | Found a huge runed translucent gate.
 62133 | Zot:3    | Found a huge runed translucent gate.
 62133 | Zot:3    | Found a huge runed translucent gate.
 62134 | Zot:3    | Found a huge runed translucent gate.
 62135 | Zot:3    | Found a huge runed translucent gate.
 62136 | Zot:3    | Found a huge runed translucent gate.
 62137 | Zot:3    | Found a huge runed translucent gate.
 62204 | Zot:3    | Found a huge runed translucent gate.
 62208 | Zot:3    | Found a huge runed translucent gate.
 62209 | Zot:3    | Found a huge runed translucent gate.
 62210 | Zot:3    | Found a huge runed translucent gate.
 62210 | Zot:3    | Found a huge runed translucent gate.
 62406 | Zot:3    | Found a stormy altar of Qazlal.
 62474 | Zot:3    | XOM: god gift: robe {god gift}
 62655 | Zot:3    | Found a huge runed translucent gate.
 62656 | Zot:3    | Found a huge runed translucent gate.
 62903 | Zot:4    | XOM: give mutations
 62903 | Zot:4    | Gained mutation: You have hoof-like feet. [Xom's grace]
 62903 | Zot:4    | Gained mutation: Your skin changes colour to match your
                  | surroundings (Stealth+). [Xom's grace]
 62903 | Zot:4    | Gained mutation: You have hooves in place of feet. [Xom's
                  | grace]
 62903 | Zot:4    | Gained mutation: You possess an exceptional clarity of
                  | mind. [Xom's grace]
 62903 | Zot:4    | Noticed a Killer Klown
 62910 | Zot:4    | Killed a Killer Klown
 62992 | Zot:4    | XOM: blink monster(s)
 62993 | Zot:4    | XOM: blink monster(s)
 63142 | Zot:4    | Noticed an orb of fire
 63147 | Zot:4    | XOM: enchant monster (good)
 63151 | Zot:4    | XOM: swap monsters
 63156 | Zot:4    | XOM: summons friendly iron imp
 63168 | Zot:4    | XOM: polymorph iron imp -> ufetubus
 63170 | Zot:4    | Killed an orb of fire
 63173 | Zot:4    | XOM: noise
 63336 | Zot:3    | XOM: draining
 63462 | Zot:4    | XOM: cast spell 'Malign Gateway'
 63465 | Zot:4    | Reached XP level 26. HP: 235/235 MP: 11/28
 63591 | Zot:4    | XOM: polymorph golden dragon -> azure jelly
 63605 | Zot:4    | Found the +4 dragonskin cloak
 63605 | Zot:4    | Noticed Tiamat
 63611 | Zot:4    | XOM: polymorph acid dragon -> shapeshifter
 63627 | Zot:4    | XOM: confuse monster(s)
 63633 | Zot:4    | Killed Tiamat
 63656 | Zot:4    | XOM: divination: detect creatures
 63658 | Zot:4    | XOM: summons friendly quasit
 63676 | Zot:4    | XOM: scenery: summon butterflies
 63843 | Zot:4    | Found the +7 lajatang of Order {silver, rMut}
 63853 | Zot:4    | Identified the +6 leather armour of the Muttering Gods
                  | {Str+5}
 65469 | Zot:4    | XOM: fog
 65481 | Zot:4    | XOM: summons friendly shadow imp
 65555 | Zot:3    | XOM: divination: magic mapping
 65562 | Zot:3    | XOM: divination: detect creatures
 66113 | Zot:4    | Identified the amulet of the Kitsune {Spirit rElec Stlth+}
 66162 | Zot:4    | Identified the +0 scale mail "Zogadd" {+Blink Dex+6}
 66199 | Zot:4    | Identified the ring "Ronk" {rElec rPois Int-4 Dex+5 SInv}
 66378 | Zot:5    | Entered Level 5 of the Realm of Zot
 66474 | Zot:5    | XOM: summons 2 hostile demons
 66482 | Zot:5    | XOM: chaos cloud
 66498 | Zot:5    | XOM: noise
 66522 | Zot:5    | Learned a level 2 spell: Blink
 66528 | Zot:5    | Learned a level 5 spell: Yara's Violent Unravelling
 66690 | Zot:3    | XOM: summons 6 hostile demons
 66753 | Pan      | Entered Pandemonium
 66753 | Pan      | Noticed Hedo the pandemonium lord
 66769 | Pan      | XOM: summons 1 hostile demon
 66770 | Pan      | Killed Hedo the pandemonium lord
 66886 | Pan      | Entered the realm of Lom Lobon.
 66919 | Pan      | XOM: 1-stop teleportation journey
 67152 | Pan      | XOM: noise
 67190 | Pan      | XOM: swap monsters
 67573 | Pan      | Noticed Lom Lobon
 67583 | Pan      | XOM: blink monster(s)
 67681 | Pan      | XOM: polymorph nagaraja -> shadow dragon
 67766 | Pan      | XOM: noise
 67874 | Pan      | Identified the amulet of Eschibbaatz {rPois rN++ RegenMP+
                  | Str+3} (Xom gifted it to you in Pandemonium)
 67874 | Pan      | XOM: god gift: amulet of Eschibbaatz {rPois rN++ RegenMP+
                  | Str+3}
 68256 | Pan      | XOM: summons friendly crimson imp
 68274 | Pan      | Killed Lom Lobon
 68281 | Pan      | Got a magical rune of Zot
 68373 | Pan      | XOM: god gift: scroll of teleportation
 68532 | Pan      | XOM: scenery: summon butterflies
 68533 | Pan      | Entered the realm of Cerebov.
 68542 | Pan      | XOM: 2-stop teleportation journey
 68569 | Pan      | XOM: confuse monster(s)
 68654 | Pan      | XOM: destruction
 68676 | Pan      | XOM: summons friendly quasit
 68677 | Pan      | XOM: summons friendly quasit
 68690 | Pan      | XOM: summons friendly white imp
 68710 | Pan      | XOM: summons 1 hostile shadow creature
 68873 | Pan      | Identified the +10 flail of the Boiling Point {elec, Str+3}
 69063 | Pan      | Reached skill level 15 in Translocations
 69071 | Pan      | Identified the amulet of Fobanwo {rElec rC+ Regen+ Str+3}
 69187 | Pan      | Found the +6 sword of Cerebov {flame}
 69187 | Pan      | Noticed Cerebov
 69211 | Pan      | XOM: 1-stop teleportation journey
 69315 | Pan      | Killed Cerebov
 69324 | Pan      | Identified the staff "Ultimatum" {rElec rPois Will+ Fire
                  | Alchemy}
 69336 | Pan      | Got Sif Muna's Encyclopedia of Niveous Corpses
 69338 | Pan      | Got a fiery rune of Zot
 69349 | Pan      | Identified the +5 longbow "Wigead" {drain, rC+ rCorr}
 69443 | Pan      | Identified the staff "Gyuqyub" {Conj Hexes}
 69460 | Pan      | Identified the +10 dagger "Ismulatu" {flame, Str+9 Int-3}
 69696 | Pan      | Reached XP level 27. HP: 246/246 MP: 27/31
 69798 | Pan      | XOM: silly message
 69896 | Pan      | Found a huge runed translucent gate.
 69899 | Pan      | Found a huge runed translucent gate.
 69911 | Pan      | Found a huge runed translucent gate.
 69912 | Pan      | Found a huge runed translucent gate.
 69933 | Pan      | XOM: enchant monster (bad)
 69950 | Pan      | XOM: noise
 70010 | Pan      | XOM: 3-stop teleportation journey
 70035 | Pan      | XOM: cloud trail
 70282 | Pan      | Found a corrupted altar of Lugonu.
 70351 | Pan      | XOM: destruction
 70818 | Pan      | Entered the realm of Gloorx Vloq.
 70957 | Pan      | XOM: cast spell 'Dispersal'
 71163 | Pan      | XOM: noise
 71183 | Pan      | XOM: blink monster(s)
 71240 | Pan      | XOM: swap monsters
 71295 | Pan      | XOM: polymorph reaper -> soul eater
 71831 | Pan      | Reached skill level 10 in Air Magic
 71883 | Pan      | XOM: silly message
 71925 | Pan      | XOM: enchant monster (bad)
 71930 | Pan      | XOM: polymorph Executioner -> hellion
 72132 | Pan      | Noticed Gloorx Vloq
 72139 | Pan      | XOM: enchant monster (good)
 72147 | Pan      | XOM: cast spell 'Summon Small Mammal'
 72150 | Pan      | Killed Gloorx Vloq
 72179 | Pan      | Got a dark rune of Zot
 72316 | Pan      | XOM: confuse monster(s)
 72615 | Pan      | XOM: 1-stop teleportation journey
 72725 | Pan      | Reached skill level 1 in Hexes
 72737 | Pan      | Reached skill level 1 in Alchemy
 72775 | Pan      | XOM: silly message
 72866 | Pan      | XOM: 1-stop teleportation journey
 72886 | Pan      | Found an exit through the horrors of the Abyss.
 72979 | Pan      | Noticed Usoafu the pandemonium lord
 72987 | Pan      | XOM: scenery: summon butterflies
 72990 | Pan      | Killed Usoafu the pandemonium lord
 72998 | Pan      | XOM: blink monster(s)
 73019 | Pan      | XOM: blink monster(s)
 73139 | Pan      | XOM: noise
 73157 | Pan      | Reached skill level 10 in Evocations
 73450 | Pan      | XOM: 1-stop teleportation journey
 73598 | Pan      | Identified the +1 buckler "Alutyoje" {rElec rPois Int+3}
 73598 | Pan      | XOM: 1-stop teleportation journey
 73599 | Pan      | XOM: confuse monster(s)
 73605 | Pan      | Found a white marble altar of Elyvilon.
 73876 | Pan      | XOM: swap monsters
 73974 | Pan      | XOM: silly message
 73987 | Pan      | Reached skill level 5 in Hexes
 74419 | Pan      | XOM: confuse monster(s)
 74555 | Pan      | XOM: enchant monster (good)
 74725 | Pan      | Reached skill level 5 in Alchemy
 75067 | Pan      | XOM: god gift: scroll of immolation
 75133 | Pan      | XOM: scenery: create altars
 75330 | Pan      | XOM: summons 6 friendly demons
 75331 | Pan      | Found a glowing silver altar of Zin.
 75417 | Pan      | XOM: cloud trail
 75487 | Pan      | XOM: 8-stop teleportation journey
 75656 | Pan      | XOM: scenery: 3 doors close
 75919 | Pan      | XOM: summons 5 hostile demons
 75971 | Pan      | XOM: confuse monster(s)
 76117 | Pan      | XOM: cloud trail
 76326 | Pan      | Identified the +7 tower shield of the Guilds {rCorr Int-5
                  | Dex+3}
 76383 | Pan      | XOM is BORED!
 76383 | Pan      | XOM: give mutations
 76383 | Pan      | Lost mutation: Your magical capacity is low. (-10% MP)
                  | [Xom's mischief]
 76383 | Pan      | Lost mutation: You possess an exceptional clarity of mind.
                  | [Xom's mischief]
 76402 | Depths:3 | Escaped Pandemonium
 76666 | Pan      | Entered Pandemonium
 76666 | Pan      | Found an exit through the horrors of the Abyss.
 76670 | Pan      | Entered the realm of Mnoleg.
 76929 | Pan      | XOM: god gift: bardiche {god gift}
 76948 | Pan      | XOM: summons 5 friendly demons
 76981 | Pan      | XOM: cleaving
 76994 | Pan      | XOM: noise
 77000 | Pan      | XOM: confuse monster(s)
 77012 | Pan      | XOM: summons 5 friendly demons
 77016 | Pan      | XOM: cast spell 'Dispersal'
 77054 | Pan      | XOM: cast spell 'Dispersal'
 77070 | Pan      | XOM: silly message
 77205 | Pan      | XOM: silly message
 77326 | Pan      | XOM: noise
 77435 | Pan      | XOM: summons 2 friendly demons
 77574 | Pan      | XOM: blink monster(s)
 77578 | Pan      | XOM: enchant monster (good)
 77587 | Pan      | XOM: divination: detect creatures
 77660 | Pan      | Reached skill level 10 in Hexes
 77777 | Pan      | XOM: cast spell 'Summon Ice Beast'
 77781 | Pan      | XOM: divination: detect items
 77787 | Pan      | XOM: silly message
 77798 | Pan      | XOM: potion effect (curing)
 77806 | Pan      | XOM: silly message
 78247 | Pan      | Noticed Mnoleg
 78291 | Pan      | XOM: potion effect (haste)
 78302 | Pan      | Killed Mnoleg
 78303 | Pan      | Reached skill level 10 in Alchemy
 78666 | Pan      | Got a glowing rune of Zot
 78742 | Pan      | XOM: potion effect (haste)
 79187 | Pan      | XOM: divination: detect creatures
 79295 | Pan      | XOM: noise
 79327 | Pan      | Noticed Pokkoank the pandemonium lord
 79335 | Pan      | Killed Pokkoank the pandemonium lord
 79437 | Pan      | XOM: summons 5 hostile demons
 79707 | Pan      | XOM: cast spell 'Summon Small Mammal'
 79895 | Pan      | XOM: noise
 79905 | Pan      | XOM: god gift: sack of spiders
 79968 | Pan      | Found a burning altar of Makhleb.
 80177 | Depths:3 | Escaped Pandemonium
 80190 | Pan      | XOM: stealth player
 80190 | Pan      | Entered Pandemonium
 80190 | Pan      | Found a transporter.
 80201 | Pan      | Found an exit through the horrors of the Abyss.
 80217 | Pan      | XOM: confuse monster(s)
 80259 | Pan      | XOM: god gift: book of Debilitation
 80377 | Pan      | XOM: swap monsters
 81045 | Pan      | XOM: 3-stop teleportation journey
 81058 | Pan      | XOM: 1-stop teleportation journey
 81120 | Pan      | XOM: divination: detect items
 81125 | Pan      | Found a transporter.
 81220 | Pan      | Found an exit through the horrors of the Abyss.
 81238 | Pan      | XOM: divination: detect creatures
 81245 | Pan      | XOM: god gift: staff of air
 81287 | Pan      | XOM: god gift: scale mail {god gift}
 81316 | Pan      | XOM: 11-stop teleportation journey
 81365 | Pan      | Noticed Esog the pandemonium lord
 81389 | Pan      | Killed Esog the pandemonium lord
 81459 | Pan      | XOM: scenery: summon butterflies
 81463 | Pan      | XOM: polymorph butterfly -> adder
 81469 | Pan      | XOM: cloud trail
 81514 | Pan      | XOM: cast spell 'Summon Small Mammal'
 81515 | Pan      | XOM: noise
 81623 | Pan      | Noticed Varph the pandemonium lord
 81629 | Pan      | XOM: cleaving
 81640 | Pan      | Killed Varph the pandemonium lord
 81692 | Pan      | XOM: summons friendly ufetubus
 81983 | Pan      | Found a runed translucent door.
 81983 | Pan      | XOM: 5-stop teleportation journey
 82005 | Pan      | XOM: silly message
 82168 | Pan      | Got a demonic rune of Zot
 82518 | Pan      | XOM: scenery: create altars
 82533 | Pan      | XOM: scenery: summon butterflies
 82540 | Depths:3 | Escaped Pandemonium
 82581 | Depths:3 | Voluntarily entered the Abyss.
 82755 | Abyss:2  | XOM: confusion (+ monsters)
 82783 | Abyss:2  | XOM: fog
 82936 | Depths:3 | Escaped the Abyss
 83053 | Depths:3 | Voluntarily entered the Abyss.
 83226 | Abyss:3  | Paralysed by accursed screaming for 1 turns
 83251 | Abyss:3  | XOM: scenery: create altars
 83256 | Abyss:3  | XOM: scenery: create altars
 83260 | Abyss:3  | Found a shimmering altar of Xom.
 83282 | Abyss:3  | XOM: god gift: dagger {god gift}
 83358 | Abyss:3  | XOM: god gift: 25 gold pieces
 83544 | Abyss:3  | XOM: confuse monster(s)
 83556 | Abyss:3  | XOM: divination: magic mapping
 83558 | Abyss:3  | XOM: summons 2 hostile shadow creatures
 83612 | Abyss:3  | Noticed an ancient lich
 83624 | Abyss:3  | XOM: god gift: pair of gloves {god gift}
 83625 | Abyss:3  | Killed an ancient lich
 83747 | Abyss:3  | XOM: confuse monster(s)
 83763 | Abyss:3  | Found a corrupted altar of Lugonu.
 83886 | Depths:3 | Escaped the Abyss
 84010 | Depths:3 | Voluntarily entered the Abyss.
 84057 | Depths:3 | Escaped the Abyss
 84059 | Depths:3 | Voluntarily entered the Abyss.
 84061 | Abyss:3  | Found a hazy altar of Hepliaklqana.
 84074 | Abyss:3  | Found a corrupted altar of Lugonu.
 84116 | Abyss:3  | Found a corrupted altar of Lugonu.
 84116 | Abyss:3  | Found a corrupted altar of Lugonu.
 84116 | Abyss:3  | Found a corrupted altar of Lugonu.
 84182 | Abyss:3  | XOM: silly message
 84184 | Abyss:3  | XOM: confuse monster(s)
 84233 | Abyss:3  | XOM: divination: detect items
 84333 | Abyss:3  | XOM: cast spell 'Discord'
 84352 | Depths:3 | Escaped the Abyss
 84354 | Depths:3 | Voluntarily entered the Abyss.
 84466 | Abyss:3  | XOM: enchant monster (good)
 84667 | Abyss:3  | Found a corrupted altar of Lugonu.
 84676 | Abyss:3  | XOM: noise
 84701 | Abyss:3  | XOM: cleaving
 84758 | Abyss:3  | XOM: cast spell 'Metabolic Englaciation'
 84786 | Abyss:3  | Got an abyssal rune of Zot
 84852 | Abyss:3  | Identified the +8 tower shield of the Clam {rN+}
 84866 | Abyss:3  | XOM: polymorph large abomination -> large abomination
 84962 | Abyss:4  | XOM: god gift: 13 gold pieces
 84979 | Abyss:4  | Found a corrupted altar of Lugonu.
 85063 | Depths:3 | Escaped the Abyss
 85106 | Hell     | Entered the Vestibule of Hell
 85106 | Hell     | Noticed Geryon
 85152 | Hell     | XOM: summons 1 friendly demon
 85154 | Hell     | XOM: cast spell 'Disjunction'
 85233 | Hell     | XOM: divination: detect items
 85269 | Hell     | Killed Geryon
 85283 | Hell     | XOM: enchant monster (good)
 85470 | Hell     | Found a gateway to the freezing wastes of Cocytus.
 85619 | Hell     | XOM: 2-stop teleportation journey
 85676 | Hell     | XOM: potion effect (haste)
 85819 | Hell     | Found a gateway to the decaying netherworld of Tartarus.
 85896 | Hell     | XOM: confusion (+ monsters)
 85905 | Hell     | Found a gateway to the ashen valley of Gehenna.
 86068 | Hell     | Found a gateway to the Iron City of Dis.
 86145 | Coc:1    | Entered Level 1 of Cocytus
 86180 | Coc:1    | XOM: enchant monster (bad)
 86228 | Coc:1    | XOM: fog
 86340 | Coc:1    | XOM: stat loss: -1 Dex (17/19)
 86629 | Coc:2    | Noticed a dread lich
 86645 | Coc:2    | XOM: scenery: create altars
 86698 | Coc:2    | XOM: enchant monster (good)
 86722 | Coc:2    | Killed a dread lich
 86841 | Coc:2    | XOM: god gift: club {god gift}
 87076 | Coc:3    | XOM: god gift: scroll of enchant weapon
 87225 | Coc:3    | XOM: 1-stop teleportation journey
 87559 | Coc:4    | XOM: potion effect (haste)
 87927 | Coc:4    | XOM: enchant monster (bad)
 88024 | Coc:4    | Paralysed by a wendigo for 1 turns
 88167 | Coc:4    | You are sucked into a shaft and drop 2 floors!
 88405 | Coc:6    | XOM: stat loss: -1 Int (20/21)
 88425 | Coc:6    | XOM: 2-stop teleportation journey
 88426 | Coc:6    | XOM: polymorph wendigo -> Ice Fiend
 88794 | Coc:7    | Entered Level 7 of Cocytus
 88816 | Coc:7    | Paralysed by a wendigo for 1 turns
 88819 | Coc:7    | XOM: summons 1 hostile demon
 88827 | Coc:7    | XOM: silly message
 88934 | Coc:7    | Paralysed by a wendigo for 1 turns
 88940 | Coc:7    | Paralysed by a wendigo for 1 turns
 89009 | Coc:7    | XOM: chaos cloud
 89183 | Coc:7    | XOM: noise
 89191 | Coc:7    | XOM: stat loss: -1 Int (20/21)
 89325 | Coc:7    | Paralysed by a wendigo for 1 turns
 89334 | Coc:7    | XOM: chaos cloud
 89345 | Coc:7    | XOM: silly message
 89358 | Coc:7    | XOM: 1-stop teleportation journey
 89362 | Coc:7    | Noticed an ancient lich
 89368 | Coc:7    | XOM: summons 5 hostile demons
 89371 | Coc:7    | XOM: blink monster(s)
 89377 | Coc:7    | Paralysed by a wendigo for 1 turns
 89386 | Coc:7    | Paralysed by a wendigo for 1 turns
 89389 | Coc:7    | Paralysed by a wendigo for 1 turns
 89459 | Coc:7    | XOM: 1-stop teleportation journey
 89594 | Coc:7    | Paralysed by a wendigo for 1 turns
 89689 | Coc:7    | Noticed the Serpent of Hell
 89708 | Coc:7    | XOM: enchant monster (bad)
 89722 | Coc:7    | Killed the Serpent of Hell
 89722 | Coc:7    | XOM: silly message
 89748 | Coc:7    | XOM: cleaving
 89876 | Coc:7    | XOM: polymorph Ice Fiend -> wendigo
 89881 | Coc:7    | Paralysed by a wendigo for 1 turns
 89885 | Coc:7    | XOM: enchant monster (good)
 89888 | Coc:7    | XOM: enchant monster (bad)
 89892 | Coc:7    | XOM: cast spell 'Summon Mana Viper'
 90297 | Coc:7    | Identified the amulet of Basinid {^Drain rPois RegenMP+
                  | Str+6}
 90297 | Coc:7    | Noticed Antaeus
 90297 | Coc:7    | XOM: cast spell 'Alistair's Intoxication'
 90300 | Coc:7    | XOM: silly message
 90329 | Coc:7    | XOM: fake destruction
 90335 | Coc:7    | XOM: scenery: summon butterflies
 90341 | Coc:7    | XOM: summons friendly iron imp
 90342 | Coc:7    | XOM: god gift: 9 stones
 90346 | Coc:7    | XOM: confuse monster(s)
 90363 | Coc:7    | Killed Antaeus
 90628 | Coc:7    | Got an icy rune of Zot
 90819 | Tar:1    | XOM: noise
 90819 | Tar:1    | Entered Level 1 of Tartarus
 90898 | Tar:1    | XOM: enchant monster (good)
 90918 | Tar:1    | XOM: enchant monster (good)
 90922 | Tar:1    | XOM: blink monster(s)
 90951 | Tar:1    | XOM: enchant monster (good)
 90969 | Tar:1    | XOM: confusion
 90974 | Tar:1    | XOM: noise
 90985 | Tar:1    | XOM: scenery: summon butterflies
 91160 | Tar:1    | You are sucked into a shaft and drop 1 floor!
 91169 | Tar:2    | XOM: silly message
 91172 | Tar:2    | XOM: divination: detect creatures
 91209 | Tar:3    | XOM: divination: magic mapping
 91238 | Tar:4    | XOM: cast spell 'Summon Mana Viper'
 91391 | Tar:5    | XOM: confuse monster(s)
 91409 | Tar:5    | XOM: confuse monster(s)
 91425 | Tar:5    | XOM: summons friendly ufetubus
 91490 | Tar:5    | XOM: cloud trail
 91542 | Tar:5    | XOM: divination: magic mapping
 91565 | Tar:6    | XOM: divination: magic mapping
 91855 | Tar:7    | XOM: noise
 91855 | Tar:7    | Entered Level 7 of Tartarus
 91994 | Tar:7    | XOM: god gift: 3 silver javelins
 92041 | Tar:7    | XOM: 1-stop teleportation journey
 92080 | Tar:7    | XOM: blink monster(s)
 92113 | Tar:7    | XOM: enchant monster (bad)
 92250 | Tar:7    | Reached skill level 27 in Shapeshifting
 92483 | Tar:7    | XOM: cast spell 'Leda's Liquefaction'
 92502 | Tar:7    | XOM: enchant monster (bad)
 92524 | Tar:7    | XOM: fake destruction
 92543 | Tar:7    | XOM: noise
 92731 | Tar:7    | XOM: scenery: summon butterflies
 92820 | Tar:7    | XOM: chaos cloud
 92998 | Tar:7    | XOM: swap monsters
 93106 | Tar:7    | XOM: god gift: scroll of blinking
 93133 | Tar:7    | Identified the ring "Miukkasch" {rPois rF+ rN+}
 93207 | Tar:7    | XOM: cloud trail
 93239 | Tar:7    | XOM: scenery: create altars
 93304 | Tar:7    | Noticed Ereshkigal
 93341 | Tar:7    | Killed Ereshkigal
 93366 | Tar:7    | Got a bone rune of Zot
 93367 | Tar:7    | Identified the amulet of Tucwocenn {Acrobat rN+ rCorr Str-3
                  | Stlth+}
 93466 | Tar:7    | Identified the staff "Orb Guardian's Foe" {rF- Dex+8 Conj
                  | Hexes}
 93646 | Hell     | Identified the ring "Megamoej" {Fly rN+ Dex+6} (Xom gifted
                  | it to you in the Vestibule of Hell)
 93646 | Hell     | XOM: god gift: ring "Megamoej" {Fly rN+ Dex+6}
 93667 | Geh:1    | Entered Level 1 of Gehenna
 93689 | Geh:1    | XOM: smoke on damage
 93829 | Geh:3    | XOM: stealth player
 93838 | Geh:3    | XOM: summons friendly white imp
 93959 | Geh:3    | XOM: silly message
 94008 | Geh:3    | XOM: confuse monster(s)
 94011 | Geh:3    | XOM: potion effect (brilliance)
 94070 | Geh:3    | XOM: god gift: staff of death
 94108 | Geh:3    | XOM: cloud trail
 94124 | Geh:3    | XOM: swap monsters
 94246 | Geh:4    | XOM: summons friendly iron imp
 94404 | Geh:4    | XOM: summons 2 hostile shadow creatures
 94634 | Geh:4    | XOM: 1-stop teleportation journey
 94796 | Geh:6    | Noticed an ancient lich
 94802 | Geh:6    | XOM: enchant monster (bad)
 94921 | Geh:6    | XOM: noise
 94924 | Geh:6    | XOM: destruction
 95200 | Geh:6    | XOM: 1-stop teleportation journey
 95207 | Geh:6    | XOM: fog
 95215 | Geh:6    | Killed an ancient lich
 95331 | Geh:6    | XOM: scenery: 2 doors close
 95464 | Geh:7    | Entered Level 7 of Gehenna
 95759 | Geh:7    | XOM: 2-stop teleportation journey
 95987 | Geh:7    | Identified the +0 cloak of Yesterday {Will- rCorr MP+9
                  | Int+3}
 96363 | Geh:7    | Found the +3 pair of mountain boots {steadfast, rC+}
 96385 | Geh:7    | Identified the +0 scale mail of Ethics {Str+4}
 96394 | Geh:7    | Identified the +1 orcbow "Aphoraaj" {heavy, rPois Int+3}
 96397 | Geh:7    | Identified the staff of War {Hexes Tloc Earth}
 96612 | Geh:7    | XOM: scenery: 3 doors close
 96661 | Geh:7    | XOM: polymorph balrug -> shadow demon
 96956 | Geh:7    | Found the +13 sceptre of Asmodeus
 96956 | Geh:7    | Noticed Asmodeus
 96984 | Geh:7    | Killed Asmodeus
 97005 | Geh:7    | Got an obsidian rune of Zot
 97136 | Geh:7    | XOM: fog
 97158 | Geh:7    | Reached skill level 27 in Fighting
 97158 | Geh:7    | Reached skill level 27 in Shields
 97418 | Depths:1 | XOM: divination: detect items
 97504 | Vaults:1 | XOM: noise
 97593 | Vaults:2 | XOM: god gift: potion of brilliance
 97619 | Crypt:1  | Entered Level 1 of the Crypt
 97640 | Crypt:1  | XOM: divination: magic mapping
 97663 | Crypt:1  | XOM: confusion (+ monsters)
 97664 | Crypt:1  | XOM: noise
 97666 | Crypt:1  | Identified the +4 robe of Salvation {rC+ Int+3}
 97666 | Crypt:1  | Noticed Boris
 97683 | Crypt:1  | Killed Boris
 97712 | Crypt:1  | XOM: enchant monster (bad)
 97773 | Crypt:1  | XOM: 6-stop teleportation journey
 98259 | Crypt:1  | Noticed Grunn
 98264 | Crypt:1  | XOM: confusion (+ monsters)
 98275 | Crypt:1  | Killed Grunn
 98380 | Crypt:1  | XOM: god gift: 14 gold pieces
 98450 | Crypt:1  | XOM: cloud trail
 98735 | Crypt:1  | XOM: god gift: Hoajy's Almanac of Effulgent Ill Luck {god
                  | gift}
 98736 | Crypt:1  | Got Hoajy's Almanac of Effulgent Ill Luck {god gift}
 99319 | Crypt:1  | XOM: summons 2 hostile demons
 99543 | Crypt:2  | XOM: chaos upgrade
 99813 | Crypt:2  | XOM: 2-stop teleportation journey
 99859 | Crypt:2  | XOM: scenery: 1 doors close
100125 | Crypt:1  | Found a basalt altar of Yredelemnul.
100142 | Crypt:1  | XOM: scenery: 1 doors close
100269 | Crypt:2  | Noticed a royal mummy
100280 | Crypt:2  | Killed a royal mummy
100650 | Crypt:3  | Entered Level 3 of the Crypt
100779 | Crypt:3  | XOM: cast spell 'Discord'
100901 | Crypt:3  | XOM: scenery: 4 doors open, 1 doors close
100901 | Crypt:3  | Found a basalt altar of Yredelemnul.
100928 | Crypt:3  | Identified the ring "Araidyph" {Ice Str+2}
100928 | Crypt:3  | Noticed Josephina
100981 | Crypt:3  | Killed Josephina
101023 | Crypt:3  | XOM is BORED!
101023 | Crypt:3  | XOM: summons 3 hostile demons
101061 | Crypt:3  | XOM: summons 2 hostile demons
101338 | Crypt:3  | Identified the ring "Biheashoel" {rPois rN++ Str+2}
101338 | Crypt:3  | Identified the ring "Mevo Xed" {Fire rN++ Int+3}
101338 | Crypt:3  | Identified the ring of Xom's Attic {^Contam rF+ rC+ rN++}
101564 | Crypt:3  | Found a staircase to the Tomb.
101564 | Crypt:3  | Noticed Jory
101577 | Crypt:3  | XOM: confusion (+ monsters)
101592 | Crypt:3  | Killed Jory
101808 | Crypt:3  | XOM: 4-stop teleportation journey
101811 | Crypt:3  | XOM: swap monsters
101819 | Crypt:3  | XOM: cast spell 'Olgreb's Toxic Radiance'
101821 | Crypt:3  | XOM: cleaving
101827 | Crypt:3  | XOM: 10-stop teleportation journey
101956 | Crypt:3  | Got Khufu's Vellum of the Grave
102012 | Crypt:3  | XOM: summons 12 hostile demons
102393 | Tomb:1   | Entered Level 1 of the Tomb of the Ancients
102927 | Tomb:1   | XOM: scenery: summon butterflies
103425 | Tomb:1   | XOM: divination: detect items
103452 | Tomb:1   | XOM: summons 1 hostile demon
103564 | Tomb:1   | XOM: scenery: summon butterflies
103749 | Tomb:1   | XOM: divination: magic mapping
103770 | Tomb:1   | XOM: enchant monster (good)
103936 | Tomb:1   | Noticed a royal mummy
103947 | Tomb:1   | Killed a royal mummy
104046 | Tomb:1   | XOM: scenery: 2 doors close
104240 | Tomb:1   | XOM: god gift: 533 gold pieces
104269 | Tomb:1   | Identified the staff of the Absolute Madman {rN+ Str+6
                  | Stlth+ Necro}
104293 | Tomb:1   | XOM: god gift: scroll of blinking
104337 | Tomb:1   | XOM: divination: detect creatures
104544 | Tomb:2   | Noticed a royal mummy
104544 | Tomb:2   | Noticed a royal mummy
104544 | Tomb:2   | Noticed a royal mummy
104544 | Tomb:2   | Noticed a royal mummy
104545 | Tomb:2   | XOM: confuse monster(s)
104575 | Tomb:2   | Killed a royal mummy
104592 | Tomb:2   | Killed a royal mummy
104594 | Tomb:2   | XOM: polymorph emperor scorpion -> water nymph
104596 | Tomb:2   | Killed a royal mummy
104684 | Tomb:2   | XOM: god gift: wand of iceblast (6)
104742 | Tomb:2   | Killed a royal mummy
104818 | Tomb:2   | XOM: 8-stop teleportation journey
104873 | Tomb:2   | XOM: god gift: Everburning Encyclopedia
104960 | Tomb:2   | XOM: 6-stop teleportation journey
105085 | Tomb:1   | Noticed a royal mummy
105094 | Tomb:1   | Killed a royal mummy
105138 | Tomb:1   | Noticed a royal mummy
105141 | Tomb:1   | Noticed a royal mummy
105149 | Tomb:1   | Noticed a royal mummy
105157 | Tomb:1   | Killed a royal mummy
105161 | Tomb:1   | Killed a royal mummy
105169 | Tomb:1   | Killed a royal mummy
105218 | Tomb:1   | Noticed a royal mummy
105218 | Tomb:1   | Noticed a royal mummy
105227 | Tomb:1   | Killed a royal mummy
105234 | Tomb:1   | Killed a royal mummy
105263 | Tomb:1   | Noticed a royal mummy
105298 | Tomb:1   | Killed a royal mummy
105303 | Tomb:1   | Noticed a royal mummy
105303 | Tomb:1   | Noticed a royal mummy
105323 | Tomb:1   | XOM: cleaving
105342 | Tomb:1   | Killed a royal mummy
105344 | Tomb:1   | XOM: divination: detect creatures
105348 | Tomb:1   | Killed a royal mummy
105493 | Tomb:1   | Noticed a royal mummy
105494 | Tomb:1   | Noticed a royal mummy
105495 | Tomb:1   | Noticed a royal mummy
105497 | Tomb:1   | XOM: cleaving
105504 | Tomb:1   | Killed a royal mummy
105508 | Tomb:1   | Killed a royal mummy
105513 | Tomb:1   | Killed a royal mummy
105521 | Tomb:1   | Noticed a royal mummy
105522 | Tomb:1   | XOM: fog
105531 | Tomb:1   | Killed a royal mummy
105532 | Tomb:1   | Reached skill level 27 in Armour
105567 | Tomb:1   | Noticed a royal mummy
105568 | Tomb:1   | Noticed a royal mummy
105571 | Tomb:1   | XOM: summons friendly white imp
105572 | Tomb:1   | XOM: summons 3 friendly demons
105578 | Tomb:1   | Killed a royal mummy
105587 | Tomb:1   | Killed a royal mummy
105610 | Tomb:1   | Noticed a royal mummy
105616 | Tomb:1   | Noticed a royal mummy
105621 | Tomb:1   | Killed a royal mummy
105626 | Tomb:1   | Noticed a royal mummy
105631 | Tomb:1   | Killed a royal mummy
105640 | Tomb:1   | Killed a royal mummy
105821 | Tomb:3   | Entered Level 3 of the Tomb of the Ancients
105827 | Tomb:3   | XOM: potion effect (invisibility)
105831 | Tomb:3   | Noticed a royal mummy
105833 | Tomb:3   | Noticed a royal mummy
105868 | Tomb:3   | XOM: cast spell 'Discord'
105877 | Tomb:3   | Killed a royal mummy
105877 | Tomb:3   | XOM: cleaving
105896 | Tomb:3   | Noticed a royal mummy
105902 | Tomb:3   | Noticed a royal mummy
105914 | Tomb:3   | Killed a royal mummy
105920 | Tomb:3   | Noticed a royal mummy
105935 | Tomb:3   | XOM: enchant monster (bad)
105955 | Tomb:3   | XOM: cast spell 'Summon Ice Beast'
105981 | Tomb:3   | XOM: divination: detect creatures
105995 | Tomb:3   | XOM: enchant monster (good)
106003 | Tomb:3   | Killed a royal mummy
106012 | Tomb:3   | Killed a royal mummy
106013 | Tomb:3   | XOM: divine lightning
106016 | Tomb:3   | Killed a royal mummy
106039 | Tomb:3   | Noticed a royal mummy
106056 | Tomb:3   | Killed a royal mummy
106065 | Tomb:3   | XOM: noise
106070 | Tomb:3   | Noticed a royal mummy
106078 | Tomb:3   | Got a golden rune of Zot
106097 | Tomb:3   | XOM: swap monsters
106099 | Tomb:3   | Noticed a royal mummy
106262 | Tomb:3   | XOM: swap monsters
106274 | Tomb:3   | Killed a royal mummy
106275 | Tomb:3   | Reached skill level 27 in Maces & Flails
106320 | Tomb:3   | Identified the +5 scale mail of Optimism {rElec Dex+6}
106329 | Tomb:3   | Got the Discursus on Phantasms
106337 | Tomb:3   | Identified the staff "Mosusch" {rF+++ rC- rN+ rCorr Dex+2
                  | Necro}
106338 | Tomb:3   | Identified the +1 whip "Yqepp" {elec, rC- rN+++ Str+2 Int+3
                  | Stlth+}
106359 | Tomb:3   | Identified the +1 chain mail of Subjectivity {Int+3}
106361 | Tomb:3   | Identified the +6 whip of the Ecumenical Temple {freeze,
                  | rF+ Int+5}
106449 | Tomb:3   | Killed a royal mummy
106468 | Tomb:3   | XOM: summons 6 hostile demons
106569 | Tomb:3   | Found the +3 giant club "Skullcrusher" {speed, Str+7}
106590 | Tomb:3   | XOM: silly message
106774 | Tomb:3   | XOM: noise
107296 | Depths:1 | Voluntarily entered the Abyss.
107404 | Abyss:4  | XOM: swap monsters
107407 | Abyss:4  | XOM: swap monsters
107531 | Abyss:4  | Found a corrupted altar of Lugonu.
107560 | Abyss:4  | XOM: repel stairs
107578 | Abyss:4  | XOM: polymorph tentacled monstrosity -> Hell Sentinel
107722 | Abyss:4  | XOM: enchant monster (good)
107770 | Depths:1 | Escaped the Abyss
107909 | Depths:1 | Voluntarily entered the Abyss.
107951 | Abyss:4  | XOM: swap monsters
108059 | Abyss:4  | XOM: destruction
108303 | Abyss:4  | XOM: god gift: 31 gold pieces
108331 | Abyss:4  | Found a corrupted altar of Lugonu.
108337 | Abyss:4  | XOM: potion effect (haste)
108493 | Abyss:4  | XOM: confusion
108511 | Abyss:4  | XOM: fake destruction
108553 | Abyss:4  | XOM: fog
108581 | Abyss:4  | XOM: repel stairs
108670 | Abyss:4  | Noticed an ancient lich
108687 | Abyss:4  | XOM: cleaving
108695 | Abyss:4  | Killed an ancient lich
108703 | Abyss:4  | XOM: summons 2 friendly demons
108728 | Depths:1 | Escaped the Abyss
108896 | Pan      | Entered Pandemonium
108976 | Pan      | XOM: stat loss: -1 Int (19/21)
109022 | Pan      | XOM: blink monster(s)
109051 | Pan      | Identified the ring of Conformity {Wiz *Slow Will- rCorr
                  | Str+9}
109184 | Pan      | Noticed Lemotuh the pandemonium lord
109214 | Pan      | Killed Lemotuh the pandemonium lord
109293 | Pan      | XOM: divination: detect items
109475 | Pan      | XOM: 6-stop teleportation journey
109829 | Pan      | XOM: god gift: 41 gold pieces
110128 | Pan      | XOM: divine lightning
110147 | Pan      | XOM: cast spell 'Monstrous Menagerie'
110173 | Pan      | Noticed Hiceebbo the pandemonium lord
110173 | Pan      | XOM: destruction
110187 | Pan      | XOM: enchant monster (good)
110197 | Pan      | Killed Hiceebbo the pandemonium lord
110203 | Pan      | XOM: cast spell 'Leda's Liquefaction'
110209 | Pan      | XOM: noise
110305 | Pan      | XOM: 3-stop teleportation journey
110493 | Pan      | XOM: silly message
110536 | Pan      | XOM: confuse monster(s)
110538 | Pan      | XOM: cast spell 'Summon Small Mammal'
110615 | Pan      | XOM: scenery: 3 doors close
110664 | Pan      | Identified the +1 sling of Guile {freeze, ^Contam rN+ rCorr
                  | Str+3}
110807 | Pan      | XOM: 2-stop teleportation journey
110948 | Pan      | Found an exit through the horrors of the Abyss.
111057 | Pan      | XOM: noise
111308 | Pan      | Identified the +7 chain mail of Curiosity {Dex+3}
111405 | Pan      | XOM: summons friendly hellwing
111424 | Pan      | Found an exit through the horrors of the Abyss.
111443 | Pan      | XOM: confuse monster(s)
111469 | Pan      | XOM: cloud trail
111677 | Pan      | XOM: cloud trail
111693 | Pan      | XOM: destruction
111696 | Pan      | XOM: confuse monster(s)
112136 | Pan      | Noticed Upnu the pandemonium lord
112425 | Pan      | Noticed Vinnagru the pandemonium lord
112439 | Pan      | XOM: divination: magic mapping
112447 | Pan      | Killed Vinnagru the pandemonium lord
112624 | Pan      | Found an exit through the horrors of the Abyss.
112662 | Pan      | XOM: fog
112685 | Pan      | XOM: scenery: summon butterflies
112849 | Pan      | XOM: god gift: 3 stones
112881 | Pan      | Reached skill level 5 in Dodging
112891 | Pan      | XOM: noise
112948 | Pan      | XOM: 1-stop teleportation journey
113154 | Pan      | XOM: 1-stop teleportation journey
113349 | Pan      | Took an exit into the Abyss.
113349 | Abyss:4  | Escaped into the Abyss
113349 | Abyss:4  | Found a corrupted altar of Lugonu.
113357 | Abyss:4  | Found a corrupted altar of Lugonu.
113371 | Abyss:4  | XOM: polymorph green ugly thing -> brown ugly thing
113373 | Abyss:4  | XOM: summons 4 hostile shadow creatures
113566 | Abyss:4  | Found a corrupted altar of Lugonu.
113606 | Abyss:4  | XOM: stat loss: -1 Int (20/21)
113607 | Abyss:4  | XOM: potion effect (attraction)
113619 | Depths:2 | Escaped the Abyss
113806 | Dis:1    | Entered Level 1 of the Iron City of Dis
113897 | Dis:2    | Noticed a dread lich
113922 | Dis:2    | XOM: 9-stop teleportation journey
113971 | Dis:3    | XOM: blink monster(s)
114012 | Dis:3    | XOM: summons 1 hostile shadow creature
114015 | Dis:3    | XOM: fog
114037 | Dis:3    | XOM: swap monsters
114041 | Dis:3    | XOM: chaos upgrade
114266 | Dis:3    | XOM: polymorph caustic shrike -> rockslime
114281 | Dis:3    | XOM: blink monster(s)
114282 | Dis:3    | XOM: summons 5 hostile demons
114284 | Dis:3    | XOM: summons 2 friendly demons
114390 | Dis:4    | XOM: 1-stop teleportation journey
114425 | Dis:4    | XOM: 3-stop teleportation journey
114476 | Dis:5    | XOM: enchant monster (bad)
114545 | Dis:5    | Reached skill level 10 in Dodging
114745 | Dis:7    | Entered Level 7 of the Iron City of Dis
114786 | Dis:7    | XOM: silly message
114820 | Dis:7    | XOM: stat loss: -1 Dex (18/19)
114829 | Dis:7    | XOM: 3-stop teleportation journey
115139 | Dis:7    | XOM: confusion
115140 | Dis:7    | XOM: divine lightning
115157 | Dis:7    | XOM: noise
115166 | Dis:7    | XOM: destruction
115327 | Dis:7    | XOM: confusion
115331 | Dis:7    | XOM: silly message
115354 | Dis:7    | XOM: swap monsters
115381 | Dis:7    | XOM: chaos cloud
115428 | Dis:7    | XOM: chaos upgrade
115580 | Dis:7    | XOM: stat loss: -1 Int (19/21)
115855 | Dis:7    | XOM: summons 3 hostile demons
115882 | Dis:7    | XOM: scenery: create altars
116222 | Dis:7    | Noticed Dispater
116231 | Dis:7    | Noticed a juggernaut
116237 | Dis:7    | Killed a juggernaut
116243 | Dis:7    | Killed Dispater
116249 | Dis:7    | Identified the +1 pair of gloves "Xoneatt" {rC+}
116264 | Dis:7    | Got an iron rune of Zot
116285 | Dis:7    | Got the Vademecum on Volcanic Rime
116291 | Dis:7    | Identified the staff of Jempem {rPois rC+ Will+ rCorr Str-4
                  | Alchemy}
116477 | Dis:7    | XOM: chaos upgrade
116616 | Dis:7    | XOM: 1-stop teleportation journey
116619 | Dis:7    | XOM: enchant monster (good)
116729 | Dis:7    | XOM: summons 10 friendly demons
116784 | Hell     | XOM: god gift: wand of mindburst (4)
117062 | Zot:5    | XOM: summons friendly crimson imp
117065 | Zot:5    | XOM: cleaving
117098 | Zot:5    | Noticed an orb of fire
117104 | Zot:5    | XOM: divination: detect creatures
117116 | Zot:5    | XOM: polymorph Orb Guardian -> broodmother
117117 | Zot:5    | XOM: summons 2 friendly demons
117120 | Zot:5    | XOM: confuse monster(s)
117121 | Zot:5    | Killed an orb of fire
117137 | Zot:5    | Noticed an ancient lich
117144 | Zot:5    | XOM: polymorph Orb Guardian -> shadow dragon
117150 | Zot:5    | XOM: confuse monster(s)
117154 | Zot:5    | Killed an ancient lich
117286 | Zot:5    | Noticed a dread lich
117297 | Zot:5    | Killed a dread lich
117298 | Zot:5    | Reached skill level 15 in Evocations
117554 | Zot:5    | Noticed an orb of fire
117564 | Zot:5    | XOM: 2-stop teleportation journey
117821 | Zot:5    | XOM: chaos cloud
117833 | Zot:5    | Killed an orb of fire
118093 | Zot:5    | Got the Orb of Zot
118175 | Zot:4    | Identified the +3 robe of Leavias {Int+3}
118175 | Zot:4    | Noticed Boris
118183 | Zot:4    | Killed Boris
118200 | Zot:4    | XOM: god gift: robe {god gift}
118206 | Zot:4    | XOM: noise
118435 | Depths:1 | XOM: smoke on damage
118672 | D:4      | Noticed Fueppe the pandemonium lord
118684 | D:4      | Killed Fueppe the pandemonium lord
118787 | D:$      | Escaped with the Orb!

Illustrated notes

Levels and vault maps discovered:
D:1:      nzn_arrival_depleted_hourglass, layout_basic
D:2:      layout_basic, nrook_campfire
D:3:      layout_loops_ring, serial_shops, nicolae_book_shop_shelving,
          supply_closet_lemuel, item_on_display_a
D:4:      layout_rooms, nicolae_ossuary_entry_giza, uniq_sigmund
D:5:      layout_loops_corners, led_xom_imps, serial_shops,
          nicolae_shop_rolled_up
D:6:      layout_rooms, nicolae_tso_carved_into_rock, tgw_trog
D:7:      layout_layer_cave, nicolae_sif_muna_condensation,
          minmay_temple_entry_statues
D:8:      layout_cave_pools
D:9:      layout_layer_cave, gammafunk_temple_overflow_claw
D:10:     gammafunk_the_bubble [the_bubble_gammafunk_plus_minus], layout_rooms,
          erik_orc_1, st_stairs_14, nicolae_shop_i_like_small_books_too
D:11:     layout_loops_corners, dpeg_lair_monsters, uniq_urug
D:12:     nicolae_moon_pools, layout_cave_pools, evilmike_minifort
D:13:     layout_loops_ring, special_room [special_room_orc],
          nicolae_dithmenos_the_darkroom
D:14:     cheibrodos_fzero, layout_basic, david_vaults_3, ebering_ghost_xom,
          hex_medium
D:15:     hellmonk_depths_entry_around_the_bend, layout_small_grid, minivault_25
Temple:   nicolae_temple_panitentiary
Lair:1:   layout_layer_cave, ebering_ghost_funeral_grove, serial_bayou_shore_a,
          grunt_megastairs_3, infiniplex_staircase_pool, lemuel_fruit_tree
Lair:2:   layout_gridlike, mainiacjoe_swamp_entry_angry_trees
Lair:3:   minmay_lair_venomous_thicket, layout_misc_corridors,
          hellmonk_spider_entry_life_and_decay, portal_ice_cave_rime
Lair:4:   layout_misc_corridors, enter_volcano_2, infiniplex_staircase_pool_2
Lair:5:   minmay_lair_end_enchanted_forest, layout_cave_shapes, slime_entry_1,
          grunt_megastairs_1
Swamp:1:  layout_basic_swamp, serial_swamp_ruin, evilmike_swamp_ruin_house_3,
          evilmike_swamp_ruin_house_2, worms_lemuel
Swamp:2:  layout_falls_marsh, nicolae_swamp_ascending_descending, uniq_louise
Swamp:3:  layout_basic_swamp, basic_altar, swamp_pool_1_2,
          nicolae_swamp_catching_bugs
Swamp:4:  swamp_alternative, layout_basic_swamp, gammafunk_ghost_cemetery
Spider:1: nicolae_spider_corner, nicolae_spider_rock_and_or_roll
Spider:2: layout_cave_pods
Spider:3: layout_spider_delve, drop_trap
Spider:4: hellmonk_spider_rune_bug_friends, uniq_arachne
Slime:1:  layout_caves
Slime:2:  layout_caves, cheibrodos_slime_lost_civilization_7
Slime:3:  layout_caves
Slime:4:  layout_caves
Slime:5:  slime_pit_nicolae_royal_road_to_ruin
Orc:1:    dreamdust_wu_jian_sword_trials, layout_diamond_mine, basic_altar,
          nicolae_orc_bridge_out, hangedman_feature_mirror
Orc:2:    grunt_orc_tribal_feast, layout_caves, basic_altar
Elf:1:    eino_elf_arrival_sip, layout_geoelf_grid, serial_shops,
          nicolae_shop_tiny_real_fake_doors, minmay_elf_annihilation
Elf:2:    elven_hall_of_blades_hangedman_original [mumra_blade_entry_dagger],
          layout_rooms, serial_shops, shop, serial_sigils_hangedman_gnaw,
          st_stairs_9, uniq_roxanne
Elf:3:    elf_hall_gauntlet_wide, layout_loops_cross, nicolae_shop_unique_rings
Vaults:1: st_cross, grunt_vaults_funnel, v_misc_31, vaults_room_large_hall,
          vaults_mumra_minichess, v_pattern_2,
          nicolae_vaults_offset_grid_hallway_4, v_misc_4, vaults_room_fours,
          v_misc_23, nicolae_vaults_trapezoid_3, layout_vaults_maze_bifur,
          serial_shops, nicolae_diamond_shop
Vaults:2: v_misc_16, vaults_standard_mumra_x, v_misc_3, nicolae_vaults_six-pack,
          cheibrodos_statue_roulette, nicolae_vaults_twisting_passages,
          nicolae_vaults_stepped_doors, hangedman_vaults_cutoff,
          nicolae_vaults_diamond_2, v_alt_pattern_4, nicolae_vaults_trapezoid_4,
          minmay_crypt_entry_skeletal_spiral, nicolae_vaults_diamond_1,
          nicolae_vaults_angled_halls, vaults_room_door_ring,
          layout_vaults_ring, uniq_mennas
Vaults:3: v_misc_26, vaults_standard_mumra_lines, vaults_room_boxed, v_misc_30,
          layout_vaults_omnigrid, serial_shops,
          nicolae_shop_pleasant_corner_grove, uniq_mara
Vaults:4: portal_desolation_entry_twin_temple,
          nicolae_vaults_taking_the_gang_shopping, v_rooms_4,
          nicolae_vaults_frosty_reception, hangedman_vaults_nails,
          v_alt_pattern_6, nicolae_vaults_doubleplus_tesselated,
          nicolae_vaults_oozy_zoo, serial_ice_g, layout_vaults_omnibox
Vaults:5
Crypt:1:  layout_regular_city, grunt_megastairs_4, lemuel_upstairs_altar,
          grunt_crypt_arrival_split, uniq_grunn
Crypt:2:  layout_regular_city, wad_floor_pattern_untrapped,
          corexii_leaking_fountain, nicolae_crypt_sons_of_ramesses,
          lemuel_elevator
Crypt:3:  grunt_crypt_end_deaths_head, uniq_josephina
Tomb:1
Tomb:2
Tomb:3
Depths:1: layout_cave_pools, abyss_entry_flame_altar, serial_shops,
          shop_fountains, hell_entry, kennysheep_donut, serial_bayou_lake_a
Depths:2: minmay_guarded_unrand_majin_bo, layout_gridlike, enter_ziggurat_d,
          pan_entry, glass_columns_a, lightli_too_deep, abyss_entry,
          kennysheep_flooded_box, minmay_shop_star
Depths:3: dreamdust_hydra_shepherd, layout_long_grid, pan_entry,
          pf_vacation_house_of_asmodeus, abyss_entry_small_statue_room,
          minmay_staircase_windowed_small, uniq_boris
Depths:4: evilmike_zot_entry_diamond, layout_gridlike, enter_trove_6,
          grunt_hell_entry_dis_grunt, hangedman_abyss_entry_splay,
          fedhas_altar_fruit_tree, hangedman_abyss_or_decor_passed, st_stairs_10
Hell
Dis:1:    layout_gridville
Dis:2:    layout_jigsaw, nicolae_dis_distal_crystal
Dis:3:    layout_jigsaw
Dis:4:    layout_subdivisions
Dis:5:    layout_gridville
Dis:6:    layout_subdivisions, nicolae_dis_strange_trophy_room
Dis:7:    dis_st
Geh:1:    layout_gehenna_lava_caves
Geh:2:    layout_gehenna_lava_caves
Geh:3:    layout_gehenna_pools_box
Geh:4:    layout_gehenna_pools_box, lemuel_flamethrower_2
Geh:5:    layout_gehenna_lava_caves
Geh:6:    layout_gehenna_lava_caves
Geh:7:    evilmike_geh
Coc:1:    nicolae_coc_icebeans_plural [nicolae_sub_coc_subbean,
          nicolae_sub_coc_subbean, nicolae_sub_coc_subbean,
          nicolae_sub_coc_subbean], layout_ice_bergs
Coc:2:    layout_cocytus_water_paths
Coc:3:    layout_cocytus_water_paths
Coc:4:    layout_cocytus_delve, serial_ice, serial_ice_l, serial_ice_a,
          serial_ice_o
Coc:6:    layout_ice_bergs
Coc:7:    coc_mu
Tar:1:    hangedman_tartarus_temple_path, layout_cathedral_of_symmetry,
          nicolae_tar_cuneiform_sun
Tar:2:    layout_cathedral_of_symmetry
Tar:3:    layout_honeycomb
Tar:4:    layout_cathedral_of_symmetry
Tar:5:    layout_cathedral_of_symmetry
Tar:6:    layout_cathedral_of_symmetry, nicolae_tar_cuneiform_sun
Tar:7:    tar_minmay_river
Zot:1:    hangedman_zot_vaults_quadrants, layout_cathedral_of_symmetry
Zot:2:    regret_index_all_hallows'_manor, layout_gridlike
Zot:3:    nicolae_moth_party, layout_onion_interference,
          regret_index_zotdec_storm_pass, gammafunk_ghost_door_vault
Zot:4:    layout_misc_corridors, regret_index_zotdec_split_disrupt,
          hangedman_zot_diagonal_lockstep, grunt_ministairs_1,
          st_grand_hoard_of_tiamat
Zot:5:    layout_basic

Skill      XL: |  1  2  3  4  5  6  7  8  9 10 11 12 13 14 15 16 17 18 19 20 21 22 23 24 25 26 27 |
---------------+----------------------------------------------------------------------------------+-----
Dodging        | 1 14 | 14.3
Maces & Flails | 4 7 9 12 16 20 27 | 27.0
Fighting       | 4 6 7 10 12 13 15 16 19 20 27 | 27.0
Armour         | 3 8 12 19 20 27 | 27.0
Evocations     | 2 5 15 | 15.0
Throwing       | 2 5 8 |  8.0
Shields        | 3 6 12 15 18 20 27 | 27.0
Shapeshifting  | 2 9 10 12 14 15 16 18 21 23 27 | 27.0
Spellcasting   | 1 4 6 8 |  8.0
Translocations | 1 9 10 13 14 15 20 | 20.0
Air Magic      | 5 10 | 10.0
Hexes          | 10 | 10.0
Alchemy        | 10 | 10.0

Action                     |  1- 3 |  4- 6 |  7- 9 | 10-12 | 13-15 | 16-18 | 19-21 | 22-24 | 25-27 || total
---------------------------+-------+-------+-------+-------+-------+-------+-------+-------+-------++-------
  Melee: Mace              |   137 |    14 |       |       |       |       |       |       |       ||   151
         Bite              |     2 |    18 |    21 |       |       |       |       |       |       ||    41
         Lajatang          |       |   114 |   424 |    97 |       |       |       |       |       ||   635
         Flail             |       |       |       |    81 |       |       |       |       |       ||    81
         Eveningstar       |       |       |       |   531 |  1147 |   680 |  1398 |  1761 | 13196 || 18713
         Headbutt          |       |       |       |     4 |   284 |   175 |   101 |   117 |     3 ||   684
         Kick              |       |       |       |       |       |    20 |    91 |       |  5101 ||  5212
  Throw: Boomerang         |       |       |       |       |    16 |       |       |       |       ||    16
         Javelin           |       |       |       |       |     4 |       |       |     3 |     8 ||    15
         Dart              |       |       |       |       |       |       |       |     1 |       ||     1
   Cast: Manifold Assault  |       |       |       |       |       |    16 |   586 |   831 |  2014 ||  3447
         Vhi's Electric Ch |       |       |       |       |       |       |       |     1 |   143 ||   144
         Dispersal         |       |       |       |       |       |       |       |       |     7 ||     7
         Yara's Violent Un |       |       |       |       |       |       |       |       |     8 ||     8
         Blink             |       |       |       |       |       |       |       |       |     1 ||     1
  Evoke: Lightning rod     |       |       |     4 |    11 |     5 |     1 |       |       |     5 ||    26
         Wand              |       |       |       |     4 |     5 |     2 |       |     1 |    19 ||    31
         Phial of floods   |       |       |       |       |       |     1 |       |       |       ||     1
         Tin of tremorston |       |       |       |       |       |       |       |     2 |     6 ||     8
         Phantom mirror    |       |       |       |       |       |       |       |       |     3 ||     3
    Use: Potion            |       |       |     3 |     6 |     3 |     3 |     1 |     7 |    47 ||    70
         Scroll            |       |       |    13 |    13 |    16 |     8 |     2 |    14 |    57 ||   123
   Stab: Sleeping          |       |       |       |     1 |       |     1 |       |       |     1 ||     3
         Invisible         |       |       |       |     2 |       |     4 |       |       |     7 ||    13
         Confused          |       |       |       |       |     8 |     2 |     2 |     1 |    25 ||    38
         Paralysed         |       |       |       |       |     1 |     2 |       |       |     1 ||     4
         Petrifying        |       |       |       |       |       |     2 |       |       |     2 ||     4
         Petrified         |       |       |       |       |       |     1 |       |       |    11 ||    12
         Distracted        |       |       |       |       |       |       |       |     1 |    12 ||    13
 Armour: Leather armour    |   101 |    46 |       |       |       |       |       |       |       ||   147
         Ring mail         |       |    48 |   593 |   759 |   153 |       |       |       |       ||  1553
         Chain mail        |       |       |       |       |   344 |       |       |       |       ||   344
         Plate armour      |       |       |       |       |    40 |   406 |       |       |    52 ||   498
         Skin              |       |       |       |       |       |    30 |   540 |   770 |   626 ||  1966
         Gold dragon scale |       |       |       |       |       |       |       |       |  4203 ||  4203
  Dodge: Dodged            |    88 |    65 |   461 |   432 |   164 |    92 |   208 |   227 |  1087 ||  2824
  Block: Buckler           |       |       |       |    61 |     8 |       |       |       |       ||    69
         Tower shield      |       |       |       |       |   910 |   598 |   714 |   865 | 10557 || 13644
   Form: Statue            |       |       |       |       |       |     1 |       |     1 |     1 ||     3
                           |       |       |       |       |       |       |       |     1 |    19 ||    20
         Death             |       |       |       |       |       |       |       |       |    18 ||    18

Table legend: (Time is in decaauts)
 A = Elapsed time spent in this place.
 B = Non-inter-level travel time spent in this place.
 C = Inter-level travel time spent in this place.
 D = Time resting spent in this place.
 E = Time spent auto-exploring this place.
 F = Levels seen in this place.
 G = Mean time per level.
                   A        B        C        D        E       F      G
               +--------+--------+--------+--------+--------+-----+--------+
         Total | 128844 | 116820 |  12024 |  21808 |  59044 | 125 | 1030.8 |
       Dungeon |  19896 |  16858 |   3038 |   2830 |   9566 |  15 | 1326.4 |
        Temple |      1 |      1 |      0 |      0 |      0 |   1 |    1.0 |
          Lair |   8135 |   7063 |   1072 |   1399 |   3723 |   5 | 1627.0 |
         Swamp |   3647 |   3447 |    200 |    549 |   1984 |   4 |  911.8 |
   Spider Nest |   5358 |   5016 |    342 |    304 |   3660 |   4 | 1339.5 |
    Slime Pits |   2959 |   2747 |    212 |    594 |   1449 |   5 |  591.8 |
  Orcish Mines |   2532 |   2158 |    374 |    376 |   1190 |   2 | 1266.0 |
   Elven Halls |   4706 |   4362 |    344 |    407 |   2818 |   3 | 1568.7 |
        Vaults |  13005 |  10953 |   2052 |   1442 |   6475 |   5 | 2601.0 |
         Crypt |   4718 |   4384 |    334 |    101 |   3307 |   3 | 1572.7 |
          Tomb |   4457 |   4194 |    263 |    448 |   2430 |   3 | 1485.7 |
        Depths |   9580 |   7731 |   1849 |   1573 |   4784 |   4 | 2395.0 |
          Hell |   1127 |    990 |    137 |     98 |    513 |   1 | 1127.0 |
           Dis |   2638 |   2520 |    118 |   1158 |    201 |   7 |  376.9 |
       Gehenna |   3413 |   3269 |    144 |   1558 |    537 |   7 |  487.6 |
       Cocytus |   4408 |   4208 |    200 |   1499 |   1397 |   6 |  734.7 |
      Tartarus |   2569 |   2414 |    155 |    420 |    866 |   7 |  367.0 |
           Zot |  10705 |   9522 |   1183 |   1386 |   5570 |   5 | 2141.0 |
         Abyss |   3453 |   3453 |      0 |     93 |    816 |  11 |  313.9 |
   Pandemonium |  18849 |  18849 |      0 |   4507 |   7162 |  23 |  819.5 |
       Ossuary |    589 |    589 |      0 |    174 |     55 |   1 |  589.0 |
      Ice Cave |   1169 |   1169 |      0 |    539 |    274 |   1 | 1169.0 |
       Volcano |    877 |    877 |      0 |    346 |    263 |   1 |  877.0 |
    Desolation |     40 |     40 |      0 |      0 |      0 |   1 |   40.0 |
               +--------+--------+--------+--------+--------+-----+--------+

Top non-repeatable levels by time:
Depths:4: 3538 daAuts
Vaults:2: 3315 daAuts
  Tomb:1: 2846 daAuts
Vaults:5: 2711 daAuts
   Zot:3: 2630 daAuts
Vaults:3: 2586 daAuts
  Lair:1: 2464 daAuts
Depths:2: 2454 daAuts
   Zot:1: 2410 daAuts
  Lair:2: 2333 daAuts
   Zot:2: 2326 daAuts
Vaults:1: 2207 daAuts
Vaults:4: 2184 daAuts
   Elf:3: 2011 daAuts
     D:5: 2003 daAuts
